Workbook

Sheet Planilha1
A2: À Câmara Municipal de Bonito/MS
A3: Processo Administrativo nº 016/2026
B5: LOCALIDADE SINAPI CAMPO GRANDE | E5: DATA BASE 09-26 | F5: MUNICÍPIO / UF MUNICÍPIO DE BONITO/MS | I5: BDI
I6: 0.15 | N6: 0.15
A8: Nível | B8: Item | C8: Fonte | D8: Código | E8: Descrição | F8: unidade | G8: Quantidade | H8: Custo unitário sem BDI (R$) | I8: BDI (%) | J8: Custo unitário com BDI (R$) | K8: PREÇO TOTAL
K10: =K11+K14+K19+K24+K26+K29+K37+K39+K41+K43+K45+K95+K156+K159+K162+K164+K166+K168 -> 1929516.8
A11: Nível 2 | B11: 1.1. | E11: SERVIÇOS PRELIMINARES | J11: - | K11: =SUM(K12:K13) -> 5519.4825
A12: Serviço | B12: 1.1.0.1. | C12: SINAPI | D12: 103689 | E12: FORNECIMENTO E INSTALAÇÃO DE PLACA DE OBRA COM CHAPA GALVANIZADA E ESTRUTURA DE MADEIRA. AF_03/2022_PS | F12: m2 | G12: 5 | H12: 456.33 | I12: BDI 1 | J12: =H12+(H12*N6) -> 524.7795 | K12: =J12*G12 -> 2623.8975
A13: Serviço | B13: 1.1.0.2. | C13: SINAPI | D13: 98459 | E13: TAPUME COM TELHA METÁLICA. AF_03/2024 | F13: M2 | G13: 30 | H13: 83.93 | I13: BDI 1 | J13: =H13+(H13*N6) -> 96.5195 | K13: =J13*G13 -> 2895.585
A14: Nível 2 | B14: 1.2. | E14: FUNDAÇÃO | J14: - | K14: =SUM(K15:K18) -> 33462.351
A15: Serviço | B15: 1.2.0.1. | C15: SINAPI | D15: 101175 | E15: ESTACA BROCA DE CONCRETO, DIÂMETRO DE 30CM, ESCAVAÇÃO MANUAL COM TRADO CONCHA, COM ARMADURA DE ARRANQUE. AF_05/2020 | F15: m | G15: 97.5 | H15: 114.12 | I15: BDI 1 | J15: =H15+(H15*N6) -> 131.238 | K15: =J15*G15 -> 12795.705
A16: Serviço | B16: 1.2.0.2. | C16: SINAPI | D16: 96527 | E16: ESCAVAÇÃO MANUAL PARA VIGA BALDRAME OU SAPATA CORRIDA (INCLUINDO ESCAVAÇÃO PARA COLOCAÇÃO DE FÔRMAS). AF_01/2024 | F16: m3 | G16: 49.73 | H16: 98.75 | I16: BDI 1 | J16: =H16+(H16*N6) -> 113.5625 | K16: =J16*G16 -> 5647.4631
A17: Serviço | B17: 1.2.0.3. | C17: SINAPI | D17: 96621 | E17: LASTRO COM MATERIAL GRANULAR, APLICAÇÃO EM BLOCOS DE COROAMENTO, ESPESSURA DE *5 CM*. AF_01/2024 | F17: m3 | G17: 8.13 | H17: 225.72 | I17: BDI 1 | J17: =H17+(H17*N6) -> 259.578 | K17: =J17*G17 -> 2110.3691
A18: Serviço | B18: 1.2.0.4. | C18: SINAPI | D18: 96621 | E18: LASTRO COM MATERIAL GRANULAR, APLICAÇÃO EM BLOCOS DE COROAMENTO, ESPESSURA DE *5 CM*. AF_01/2024 | F18: m3 | G18: 49.73 | H18: 225.72 | I18: BDI 1 | J18: =H18+(H18*N6) -> 259.578 | K18: =J18*G18 -> 12908.814
A19: Nível 2 | B19: 1.3.1 | E19: BLOCO DE COROAMENTO | J19: - | K19: =SUM(K20:K23) -> 17602.65
A20: Serviço | B20: 1.3.0.1. | C20: SINAPI | D20: 92761 | E20: ARMAÇÃO DE PILAR OU VIGA DE ESTRUTURA CONVENCIONAL DE CONCRETO ARMADO UTILIZANDO AÇO CA-50 DE 8,0 MM - MONTAGEM. AF_06/2022 | F20: KG | G20: 431.34 | H20: 13.2 | I20: BDI 1 | J20: =H20+(H20*N6) -> 15.18 | K20: =J20*G20 -> 6547.7412
A21: Serviço | B21: 1.3.0.2. | C21: SINAPI | D21: 92759 | E21: ARMAÇÃO DE PILAR OU VIGA DE ESTRUTURA CONVENCIONAL DE CONCRETO ARMADO UTILIZANDO AÇO CA-60 DE 5,0 MM - MONTAGEM. AF_06/2022 | F21: KG | G21: 140.14 | H21: 14.53 | I21: BDI 1 | J21: =H21+(H21*N6) -> 16.7095 | K21: =J21*G21 -> 2341.6693
A22: Serviço | B22: 1.3.0.3. | C22: SINAPI | D22: 96557 | E22: CONCRETAGEM DE BLOCO DE COROAMENTO OU VIGA BALDRAME, FCK 30 MPA, COM USO DE BOMBA - LANÇAMENTO, ADENSAMENTO E ACABAMENTO. AF_01/2024 | F22: M3 | G22: 8.13 | H22: 813.52 | I22: BDI 1 | J22: =H22+(H22*N6) -> 935.548 | K22: =J22*G22 -> 7606.0052
A23: Serviço | B23: 1.3.0.4. | C23: SINAPI | D23: 96527 | E23: ESCAVAÇÃO MANUAL PARA VIGA BALDRAME OU SAPATA CORRIDA (INCLUINDO ESCAVAÇÃO PARA COLOCAÇÃO DE FÔRMAS). AF_01/2024 | F23: M3 | G23: 9.75 | H23: 98.75 | I23: BDI 1 | J23: =H23+(H23*N6) -> 113.5625 | K23: =J23*G23 -> 1107.2344
A24: Nível 2 | B24: 1.4 | E24: FORMAS | J24: - | K24: =K25 -> 29440.575
A25: Serviço | B25: 1.4.0.1. | C25: SINAPI | D25: 92263 | E25: FABRICAÇÃO DE FÔRMA PARA PILARES E ESTRUTURAS SIMILARES, EM CHAPA DE MADEIRA COMPENSADA RESINADA, E = 17 MM. AF_09/2020 | F25: M2 | G25: 150 | H25: 170.67 | I25: BDI 1 | J25: =H25+(H25*N6) -> 196.2705 | K25: =J25*G25 -> 29440.575
A26: Nível 2 | B26: 1.5 | E26: PISO CONCRETO INTERNO, EXTERNO E CALÇADA | J26: - | K26: =SUM(K27:K28) -> 61729.746
A27: Serviço | B27: 1.5.0.1. | C27: SINAPI | D27: 97111 | E27: EXECUÇÃO DE PAVIMENTO DE CONCRETO ARMADO (PCA), FCK = 30 MPA, ESPESSURA DE 15,0 CM. AF_04/2022 (97111) | F27: M2 | G27: 250.9 | H27: 206 | I27: BDI 1 | J27: =H27+(H27*N6) -> 236.9 | K27: =J27*G27 -> 59438.21
A28: Serviço | B28: 1.5.0.2. | C28: SINAPI | D28: 104658 | E28: PISO PODOTÁTIL DE ALERTA OU DIRECIONAL, DE CONCRETO, ASSENTADO SOBRE ARGAMASSA. AF_03/2024 (104658) | F28: M2 | G28: 9.58 | H28: 208 | I28: BDI 1 | J28: =H28+(H28*N6) -> 239.2 | K28: =J28*G28 -> 2291.536
A29: Nível 2 | B29: 1.6 | E29: COBERTURA ÁREA COMUM | J29: - | K29: =SUM(K30:K35) -> 206470.12
A30: Serviço | B30: 1.6.0.1. | C30: SINAPI | D30: 94216 | E30: TELHAMENTO COM TELHA METÁLICA TERMOACÚSTICA E = 30 MM, COM ATÉ 2 ÁGUAS, INCLUSO IÇAMENTO. AF_07/2019 (94216) | F30: M2 | G30: 266.71 | H30: 225.61 | I30: BDI 1 | J30: =H30+(H30*N6) -> 259.4515 | K30: =J30*G30 -> 69198.31
A31: Serviço | B31: 1.6.0.2. | C31: SINAPI | D31: 100327 | E31: RUFO EXTERNO/INTERNO EM CHAPA DE AÇO GALVANIZADO NÚMERO 26, CORTE DE 33 CM, INCLUSO IÇAMENTO. AF_07/2019 (100327) | F31: M2 | G31: =21.2+12.43+12.43 -> 46.06 | H31: 62.32 | I31: BDI 1 | J31: =H31+(H31*N6) -> 71.668 | K31: =J31*G31 -> 3301.0281
A32: Serviço | B32: 1.6.0.3. | C32: SINAPI | D32: 94228 | E32: CALHA EM CHAPA DE AÇO GALVANIZADO NÚMERO 24, DESENVOLVIMENTO DE 50 CM, INCLUSO TRANSPORTE VERTICAL. AF_07/2019 (94228) | F32: M | G32: 21.2 | H32: 97.04 | I32: BDI 1 | J32: =H32+(H32*N6) -> 111.596 | K32: =J32*G32 -> 2365.8352
A33: Serviço | B33: 1.6.0.4. | C33: SINAPI | D33: 92620 | E33: FABRICAÇÃO E INSTALAÇÃO DE TESOURA INTEIRA EM AÇO, VÃO DE 12 M, PARA TELHA ONDULADA DE FIBROCIMENTO, METÁLICA, PLÁSTICA OU TERMOACÚSTICA, INCLUSO IÇAMENTO, EXCLUSIVE PINTURA. AF_10/2025 (92620) | F33: UNID | G33: 7 | H33: 2346.48 | I33: BDI 1 | J33: =H33+(H33*N6) -> 2698.452 | K33: =J33*G33 -> 18889.164
A34: Serviço | B34: 1.6.0.5. | C34: SINAPI | D34: 92578 | E34: TRAMA DE AÇO COMPOSTA POR RIPAS E CAIBROS PARA TELHADOS DE MAIS DE 2 ÁGUAS PARA TELHA CERÂMICA CAPA-CANAL, INCLUSO TRANSPORTE VERTICAL, EXCLUSIVE PINTURA. AF_10/2025 (92578) | F34: M2 | G34: 266.71 | H34: 70.54 | I34: BDI 1 | J34: =H34+(H34*N6) -> 81.121 | K34: =J34*G34 -> 21635.782
A35: Serviço | B35: 1.6.0.6. | C35: SINAPI | D35: 100764 | E35: VIGA METÁLICA EM PERFIL LAMINADO OU SOLDADO EM AÇO ESTRUTURAL, COM CONEXÕES SOLDADAS, INCLUSOS MÃO DE OBRA, TRANSPORTE E IÇAMENTO UTILIZANDO GUINDASTE - FORNECIMENTO E INSTALAÇÃO. AF_01/2020_PA (100764) | F35: KG | G35: 5000 | H35: 15.84 | I35: BDI 1 | J35: =H35+(H35*N6) -> 18.216 | K35: =J35*G35 -> 91080
A36: Nível 2 | B36: 1.7 | E36: MÓDULOS HABITÁVEIS PRÉ FABRICADOS | J36: -
A37: Nível 2 | B37: 1.7.1 | E37: MÓDULOS COM 3 SALAS | J37: - | K37: =K38 -> 786600
A38: PRODUTO | B38: 1.7.1.1. | C38: COMPOSIÇÃO | E38: Modulo CTT Térmico habitável móvel, obedecendo às seguintes especificações: estrutura fabricado em aço galvanizado,cobertura e paredes de painel isotérmico (aço/aço) interior em PIR, com piso em madeira plastica (pvc de alto tréfego), medidas externas de 12,00 x 3,00 x 3,00 metros (c x l x a) contendo 3 (três) portas de correr de duas folhas em vidro temperado de 10,00mm com medidas internas de 1,62 x 2,10 (l x a) metros e 3 (três) portas de abrir de madeira com 0,80 x 2,10 metros (l x a) com maçaneta, fechadura e chave, contem instalação elétrica com 36 (trinta e seis) pontos de iluminação, 54 (cinquenta e quatro) tomadas duplas de 10 AMP, 6 (SEIS) tomadas duplas de 20 AMP 220V e 6 (seis) tomadas duplas de 20 AMP. Contem 6 (seis) aparelhos de Ar Condicionado Split Hi Wall Inverter Hisense Eco Plus 12000 Btus Frio 220v R-32 SEM WI-FI. INSTALAÇÕES DE REDE DE LÓGICA COMPLETA | F38: unid | G38: 3 | H38: 228000 | I38: BDI 1 | J38: =H38+(H38*N6) -> 262200 | K38: =J38*G38 -> 786600
A39: Nível 2 | B39: 1.7.2 | E39: MÓDULOS COM 2 SALAS | J39: - | K39: =K40 -> 239200
A40: PRODUTO | B40: 1.7.2.1. | C40: COMPOSIÇÃO | E40: Modulo CTT Térmico habitável móvel, obedecendo às seguintes especificações: estrutura fabricado em aço galvanizado,cobertura e paredes de painel isotérmico (aço/aço) interior em PIR, com piso em madeira plastica (pvc de alto tréfego), medidas externas de 12,00 x 3,00 x 3,00 metros (c x l x a) contendo 2 (duas) portas de correr de duas folhas em vidro temperado de 10,00mm com medidas internas de 1,62 x 2,10 (l x a) metros e 2 (duas) portas de abrir de madeira com 0,80 x 2,10 metros (l x a) com maçaneta, fechadura e chave, contem instalação elétrica com 34 (trinta e quatro) pontos de iluminação, 36 (trinta e seis) tomadas duplas de 10 AMP, 6 (SEIS) tomadas duplas de 20 AMP 220V e 6 (seis) tomadas duplas de 20 AMP. Contem 4 (quatro) aparelhos de Ar Condicionado Split Hi Wall Inverter Hisense Eco Plus 12000 Btus Frio 220v R-32 SEM WI-FI. INSTALAÇÕES DE REDE DE LÓGICA COMPLETA. | F40: unid | G40: 1 | H40: 208000 | I40: BDI 1 | J40: =H40+(H40*N6) -> 239200 | K40: =J40*G40 -> 239200
A41: Nível 2 | B41: 1.7.3 | E41: MÓDULO REUNIÃO | J41: - | K41: =K42 -> 233450
A42: PRODUTO | B42: 1.7.3.1. | C42: COMPOSIÇÃO | E42: Modulo CTT Térmico habitável móvel, obedecendo às seguintes especificações: estrutura fabricado em aço galvanizado,cobertura e paredes de painel isotérmico (aço/aço) interior em PIR, com piso em madeira plastica (pvc de alto tréfego), medidas externas de 12,00 x 3,00 x 3,00 metros (c x l x a) contendo 1 (uma) porta de correr de duas folhas em vidro temperado de 10,00mm com medidas internas de 1,62 x 2,10 (l x a) metros e 1 (uma) porta de abrir de madeira com 0,80 x 2,10 metros (l x a) com maçaneta, fechadura e chave, contem instalação elétrica com 24 (vinte e quatro) pontos de iluminação, 31 (trinta e uma) tomadas duplas de 10 AMP, 2 (duas) tomadas duplas de 20 AMP 220V e 2 (duas) tomadas duplas de 20 AMP piso. Contem 2 (dois) aparelhos de Ar Condicionado Split Hi Wall Inverter Elgin Eco III Wi-Fi 24000 Btus Quente e Frio 220v R-32. INSTALAÇÕES DE REDE DE LÓGICA COMPLETA. | F42: unid | G42: 1 | H42: 203000 | I42: BDI 1 | J42: =H42+(H42*N6) -> 233450 | K42: =J42*G42 -> 233450
A43: Nível 2 | B43: 1.7.4 | E43: MÓDULO BANHEIROS (masculino e feminino) | J43: - | K43: =K44 -> 150650
A44: PRODUTO | B44: 1.7.4.1. | C44: COMPOSIÇÃO | E44: Modulo CTT Térmico habitável móvel, obedecendo às seguintes especificações: estrutura fabricado em aço galvanizado,cobertura e paredes de painel isotérmico (aço/aço) interior em PIR, com piso em madeira plastica (pvc de alto tréfego), medidas externas de 6,00 x 3,00 x 3,00 metros (c x l x a) contendo 2 (duas) portas de abertura externa PCD 0,90 x 2,10 (l x a) metros e 5 (cinco) boxes em vidro temperado e adesivado com fechadura para banheiro, contem instalação elétrica com 4 (quatro) pontos de iluminação, 4 (quatro) tomadas duplas de 10 AMP, 2 (duas) tomadas duplas de 20 AMP 220V. WC MASCULINO Contem 1 (uma) cabine PCD, 1 (uma) cabine convencional e 1 (um) mictório. WC FEMININO Contem 1 (uma) cabine PCD, 2 (duas) cabines convencionais. | F44: unid | G44: 1 | H44: 131000 | I44: BDI 1 | J44: =H44+(H44*N6) -> 150650 | K44: =J44*G44 -> 150650
A45: Nível 2 | B45: 1.8 | E45: ELÉTRICA GERAL (ENTRADA E ÁREA COMUM) | J45: - | K45: =SUM(K46:K94) -> 47897.097
A46: Serviço | B46: 1.8.0.1. | C46: SINAPI | D46: 91940 | E46: Acessórios p/ eletrodutos - Caixa PVC - 4x2" | F46: pç | G46: 10 | H46: 18 | I46: BDI 1 | J46: =H46+(H46*N6) -> 20.7 | K46: =J46*G46 -> 207
A47: Serviço | B47: 1.8.0.2. | C47: SINAPI | D47: 91941 | E47: Acessórios p/ eletrodutos - Caixa PVC - 4x4" | F47: pç | G47: 3 | H47: 24 | I47: BDI 1 | J47: =H47+(H47*N6) -> 27.6 | K47: =J47*G47 -> 82.8
A48: Serviço | B48: 1.8.0.3. | C48: SINAPI | D48: 96987 | E48: Aterramento - Conector tipo "U" - 3/4" | F48: pç | G48: 3 | H48: 35 | I48: BDI 1 | J48: =H48+(H48*N6) -> 40.25 | K48: =J48*G48 -> 120.75
A49: Serviço | B49: 1.8.0.4. | C49: SINAPI | D49: 96969 | E49: Aterramento - Haste de aterramento - cobreada - 3/4" x 2,40m | F49: pç | G49: 3 | H49: 75 | I49: BDI 1 | J49: =H49+(H49*N6) -> 86.25 | K49: =J49*G49 -> 258.75
A50: Serviço | B50: 1.8.0.5. | C50: SINAPI | D50: 91933 | E50: Cabo Unipolar (cobre) - Isol. XLPE - 0,6/1kV - Cabo - 10 mm² - Azul claro | F50: m | G50: 100 | H50: 14.8 | I50: BDI 1 | J50: =H50+(H50*N6) -> 17.02 | K50: =J50*G50 -> 1702
A51: Serviço | B51: 1.8.0.6. | C51: SINAPI | D51: 91933 | E51: Cabo Unipolar (cobre) - Isol. XLPE - 0,6/1kV - Cabo - 10 mm² - Branco | F51: m | G51: 100 | H51: 14.8 | I51: BDI 1 | J51: =H51+(H51*N6) -> 17.02 | K51: =J51*G51 -> 1702
A52: Serviço | B52: 1.8.0.7. | C52: SINAPI | D52: 91933 | E52: Cabo Unipolar (cobre) - Isol. XLPE - 0,6/1kV - Cabo - 10 mm² - Preto | F52: m | G52: 100 | H52: 14.8 | I52: BDI 1 | J52: =H52+(H52*N6) -> 17.02 | K52: =J52*G52 -> 1702
A53: Serviço | B53: 1.8.0.8. | C53: SINAPI | D53: 91933 | E53: Cabo Unipolar (cobre) - Isol. XLPE - 0,6/1kV - Cabo - 10 mm² - Verde-amarelo | F53: m | G53: 100 | H53: 14.8 | I53: BDI 1 | J53: =H53+(H53*N6) -> 17.02 | K53: =J53*G53 -> 1702
A54: Serviço | B54: 1.8.0.9. | C54: SINAPI | D54: 91933 | E54: Cabo Unipolar (cobre) - Isol. XLPE - 0,6/1kV - Cabo - 10 mm² - Vermelho | F54: m | G54: 100 | H54: 14.8 | I54: BDI 1 | J54: =H54+(H54*N6) -> 17.02 | K54: =J54*G54 -> 1702
A55: Serviço | B55: 1.8.0.10. | C55: SINAPI | D55: 91935 | E55: Cabo Unipolar (cobre) - Isol. XLPE - 0,6/1kV - Cabo - 25 mm² - Verde-amarelo | F55: m | G55: 30 | H55: 29.1 | I55: BDI 1 | J55: =H55+(H55*N6) -> 33.465 | K55: =J55*G55 -> 1003.95
A56: Serviço | B56: 1.8.0.11. | C56: SINAPI | D56: 91937 | E56: Cabo Unipolar (cobre) - Isol. XLPE - 0,6/1kV - Cabo - 50 mm² - Azul claro | F56: m | G56: 30 | H56: 56 | I56: BDI 1 | J56: =H56+(H56*N6) -> 64.4 | K56: =J56*G56 -> 1932
A57: Serviço | B57: 1.8.0.12. | C57: SINAPI | D57: 91937 | E57: Cabo Unipolar (cobre) - Isol. XLPE - 0,6/1kV - Cabo - 50 mm² - Branco | F57: m | G57: 30 | H57: 56 | I57: BDI 1 | J57: =H57+(H57*N6) -> 64.4 | K57: =J57*G57 -> 1932
A58: Serviço | B58: 1.8.0.13. | C58: SINAPI | D58: 91937 | E58: Cabo Unipolar (cobre) - Isol. XLPE - 0,6/1kV - Cabo - 50 mm² - Preto | F58: m | G58: 30 | H58: 56 | I58: BDI 1 | J58: =H58+(H58*N6) -> 64.4 | K58: =J58*G58 -> 1932
A59: Serviço | B59: 1.8.0.14. | C59: SINAPI | D59: 91937 | E59: Cabo Unipolar (cobre) - Isol. XLPE - 0,6/1kV - Cabo - 50 mm² - Vermelho | F59: m | G59: 30 | H59: 56 | I59: BDI 1 | J59: =H59+(H59*N6) -> 64.4 | K59: =J59*G59 -> 1932
A60: Serviço | B60: 1.8.0.15. | C60: SINAPI | D60: 91926 | E60: Cabo Unipolar (cobre) - Isol.PVC - 450/750V - Cabo - 2.5 mm² - Amarelo | F60: m | G60: 580 | H60: 7.1 | I60: BDI 1 | J60: =H60+(H60*N6) -> 8.165 | K60: =J60*G60 -> 4735.7
A61: Serviço | B61: 1.8.0.16. | C61: SINAPI | D61: 91926 | E61: Cabo Unipolar (cobre) - Isol.PVC - 450/750V - Cabo - 2.5 mm² - Azul claro | F61: m | G61: 50 | H61: 7.1 | I61: BDI 1 | J61: =H61+(H61*N6) -> 8.165 | K61: =J61*G61 -> 408.25
A62: Serviço | B62: 1.8.0.17. | C62: SINAPI | D62: 91926 | E62: Cabo Unipolar (cobre) - Isol.PVC - 450/750V - Cabo - 2.5 mm² - Branco | F62: m | G62: 21 | H62: 7.1 | I62: BDI 1 | J62: =H62+(H62*N6) -> 8.165 | K62: =J62*G62 -> 171.465
A63: Serviço | B63: 1.8.0.18. | C63: SINAPI | D63: 91926 | E63: Cabo Unipolar (cobre) - Isol.PVC - 450/750V - Cabo - 2.5 mm² - Preto | F63: m | G63: 50 | H63: 7.1 | I63: BDI 1 | J63: =H63+(H63*N6) -> 8.165 | K63: =J63*G63 -> 408.25
A64: Serviço | B64: 1.8.0.19. | C64: SINAPI | D64: 91926 | E64: Cabo Unipolar (cobre) - Isol.PVC - 450/750V - Cabo - 2.5 mm² - Verde-amarelo | F64: m | G64: 50 | H64: 7.1 | I64: BDI 1 | J64: =H64+(H64*N6) -> 8.165 | K64: =J64*G64 -> 408.25
A65: Serviço | B65: 1.8.0.20. | C65: SINAPI | D65: 91926 | E65: Cabo Unipolar (cobre) - Isol.PVC - 450/750V - Cabo - 2.5 mm² - Vermelho | F65: m | G65: 100 | H65: 7.1 | I65: BDI 1 | J65: =H65+(H65*N6) -> 8.165 | K65: =J65*G65 -> 816.5
A66: Serviço | B66: 1.8.0.21. | C66: SINAPI | D66: 92873 | E66: Caixa de passagem - embutir - Aço pintada (ref Cemar) - Caixa de passagem - 230x230x102 mm | F66: pç | G66: 9 | H66: 125 | I66: BDI 1 | J66: =H66+(H66*N6) -> 143.75 | K66: =J66*G66 -> 1293.75
A67: Serviço | B67: 1.8.0.22. | C67: SINAPI | D67: 92875 | E67: Caixa de passagem - embutir - Aço pintada (ref Cemar) - Caixa de passagem - 430x430x152 mm | F67: pç | G67: 3 | H67: 210 | I67: BDI 1 | J67: =H67+(H67*N6) -> 241.5 | K67: =J67*G67 -> 724.5
A68: Serviço | B68: 1.8.0.23. | C68: SINAPI | D68: 92874 | E68: Caixa de passagem - embutir - Aço pintada (ref Lukbox) - Caixa de passagem - 250x250x100 mm | F68: pç | G68: 2 | H68: 145 | I68: BDI 1 | J68: =H68+(H68*N6) -> 166.75 | K68: =J68*G68 -> 333.5
A69: Serviço | B69: 1.8.0.24. | C69: SINAPI | D69: 96973 | E69: Condutores de proteção (SPDA) - Cabo de cobre Nú - 7 fios - 35mm² | F69: m | G69: 8 | H69: 48 | I69: BDI 1 | J69: =H69+(H69*N6) -> 55.2 | K69: =J69*G69 -> 441.6
A70: Serviço | B70: 1.8.0.25. | C70: SINAPI | D70: 92000 | E70: Dispositivo Elétrico - embutido - Placa 2x4" - Conjunto Tomada de piso hexagonal 2P+T 20A | F70: pç | G70: 1 | H70: 72 | I70: BDI 1 | J70: =H70+(H70*N6) -> 82.8 | K70: =J70*G70 -> 82.8
A71: Serviço | B71: 1.8.0.26. | C71: SINAPI | D71: 91953 | E71: Dispositivo Elétrico - embutido - Placa 2x4" - Módulo Interruptor simples | F71: pç | G71: 2 | H71: 28 | I71: BDI 1 | J71: =H71+(H71*N6) -> 32.2 | K71: =J71*G71 -> 64.4
A72: Serviço | B72: 1.8.0.27. | C72: SINAPI | D72: 91959 | E72: Dispositivo Elétrico - embutido - Placa 2x4" - Módulo Tomada hexagonal 2P+T 20A | F72: pç | G72: 1 | H72: 32 | I72: BDI 1 | J72: =H72+(H72*N6) -> 36.8 | K72: =J72*G72 -> 36.8
A73: Serviço | B73: 1.8.0.28. | C73: SINAPI | D73: 91959 | E73: Dispositivo Elétrico - embutido - Placa 2x4" - Módulo Tomada hexagonal 2P+T 20A VERMELHO | F73: pç | G73: 1 | H73: 34 | I73: BDI 1 | J73: =H73+(H73*N6) -> 39.1 | K73: =J73*G73 -> 39.1
A74: Serviço | B74: 1.8.0.29. | C74: SINAPI | D74: 91946 | E74: Dispositivo Elétrico - embutido - Placa 2x4" - Placa c/ furo | F74: pç | G74: 1 | H74: 12 | I74: BDI 1 | J74: =H74+(H74*N6) -> 13.8 | K74: =J74*G74 -> 13.8
A75: Serviço | B75: 1.8.0.30. | C75: SINAPI | D75: 91946 | E75: Dispositivo Elétrico - embutido - Placa 2x4" - Placa cega | F75: pç | G75: 1 | H75: 12 | I75: BDI 1 | J75: =H75+(H75*N6) -> 13.8 | K75: =J75*G75 -> 13.8
A76: Serviço | B76: 1.8.0.31. | C76: SINAPI | D76: 91946 | E76: Dispositivo Elétrico - embutido - Placa 2x4" - Placa espelho p/ 1 módulo | F76: pç | G76: 4 | H76: 16 | I76: BDI 1 | J76: =H76+(H76*N6) -> 18.4 | K76: =J76*G76 -> 73.6
A77: Serviço | B77: 1.8.0.32. | C77: SINAPI | D77: 91946 | E77: Dispositivo Elétrico - embutido - Placa 2x4" - Placa p/ 1 função retangular | F77: pç | G77: 3 | H77: 14 | I77: BDI 1 | J77: =H77+(H77*N6) -> 16.1 | K77: =J77*G77 -> 48.3
A78: Serviço | B78: 1.8.0.33. | C78: SINAPI | D78: 91942 | E78: Dispositivo Elétrico - embutido - Placa 2x4" - Suporte 4x2" | F78: pç | G78: 4 | H78: 11 | I78: BDI 1 | J78: =H78+(H78*N6) -> 12.65 | K78: =J78*G78 -> 50.6
A79: Serviço | B79: 1.8.0.34. | C79: SINAPI | D79: 91947 | E79: Dispositivo Elétrico - embutido - Placa 4x4" - Placa cega | F79: pç | G79: 3 | H79: 15 | I79: BDI 1 | J79: =H79+(H79*N6) -> 17.25 | K79: =J79*G79 -> 51.75
A80: Serviço | B80: 1.8.0.35. | C80: SINAPI | D80: 91943 | E80: Dispositivo Elétrico - embutido - Placa 4x4" - Suporte 4x4" | F80: pç | G80: 3 | H80: 14 | I80: BDI 1 | J80: =H80+(H80*N6) -> 16.1 | K80: =J80*G80 -> 48.3
A81: Serviço | B81: 1.8.0.36. | C81: SINAPI | D81: 101657 | E81: Dispositivo Elétrico - embutido - S/ placa - Rele fotocélula 1000W | F81: pç | G81: 6 | H81: 75 | I81: BDI 1 | J81: =H81+(H81*N6) -> 86.25 | K81: =J81*G81 -> 517.5
A82: Serviço | B82: 1.8.0.37. | C82: SINAPI | D82: 93661 | E82: Dispositivo de Proteção - Disjuntor Tripolar Termomagnético - norma DIN (Curva C) - 32 A - 3 kA | F82: pç | G82: 3 | H82: 92 | I82: BDI 1 | J82: =H82+(H82*N6) -> 105.8 | K82: =J82*G82 -> 317.4
A83: Serviço | B83: 1.8.0.38. | C83: SINAPI | D83: 93662 | E83: Dispositivo de Proteção - Disjuntor Tripolar Termomagnético - norma DIN (Curva C) - 40 A - 4,5 kA | F83: pç | G83: 4 | H83: 92 | I83: BDI 1 | J83: =H83+(H83*N6) -> 105.8 | K83: =J83*G83 -> 423.2
A84: Serviço | B84: 1.8.0.39. | C84: SINAPI | D84: 93674 | E84: Dispositivo de Proteção - Disjuntor tetrapolar termomagnético caixa moldada (380/415 V) - 150 A - 18 kA | F84: pç | G84: 2 | H84: 740 | I84: BDI 1 | J84: =H84+(H84*N6) -> 851 | K84: =J84*G84 -> 1702
A85: Serviço | B85: 1.8.0.40. | C85: SINAPI | D85: 93653 | E85: Dispositivo de Proteção - Dispositivo de proteção contra surto - 175 V - 8 KA | F85: pç | G85: 4 | H85: 80 | I85: BDI 1 | J85: =H85+(H85*N6) -> 92 | K85: =J85*G85 -> 368
A86: Serviço | B86: 1.8.0.41. | C86: SINAPI | D86: 91846 | E86: Eletroduto PVC flexível - Eletroduto leve - Eletroduto - 1" | F86: m | G86: 180 | H86: 15.5 | I86: BDI 1 | J86: =H86+(H86*N6) -> 17.825 | K86: =J86*G86 -> 3208.5
A87: Serviço | B87: 1.8.0.42. | C87: SINAPI | D87: 91845 | E87: Eletroduto PVC flexível - Eletroduto leve - Eletroduto - 3/4" | F87: m | G87: 66.7 | H87: 12 | I87: BDI 1 | J87: =H87+(H87*N6) -> 13.8 | K87: =J87*G87 -> 920.46
A88: Serviço | B88: 1.8.0.43. | C88: SINAPI | D88: 91866 | E88: Eletroduto PVC flexível - Eletroduto pesado - Eletroduto - 1.1/2" | F88: m | G88: 57 | H88: 26 | I88: BDI 1 | J88: =H88+(H88*N6) -> 29.9 | K88: =J88*G88 -> 1704.3
A89: Serviço | B89: 1.8.0.44. | C89: SINAPI | D89: 91865 | E89: Eletroduto PVC flexível - Eletroduto pesado - Eletroduto - 1.1/4" | F89: m | G89: 3.4 | H89: 22 | I89: BDI 1 | J89: =H89+(H89*N6) -> 25.3 | K89: =J89*G89 -> 86.02
A90: Serviço | B90: 1.8.0.45. | C90: SINAPI | D90: 91867 | E90: Eletroduto PVC flexível - Eletroduto pesado - Eletroduto - 2" | F90: m | G90: 83.99 | H90: 35 | I90: BDI 1 | J90: =H90+(H90*N6) -> 40.25 | K90: =J90*G90 -> 3380.5975
A91: Serviço | B91: 1.8.0.46. | C91: SINAPI | D91: 91868 | E91: Eletroduto PVC flexível - Eletroduto pesado - Eletroduto - 2.1/2" | F91: m | G91: 46.85 | H91: 42 | I91: BDI 1 | J91: =H91+(H91*N6) -> 48.3 | K91: =J91*G91 -> 2262.855
A92: Serviço | B92: 1.8.0.47. | C92: SINAPI | D92: 102210 | E92: Quadro de medicão - energisa - Unidade consumidora individual - Caixa para medidor trifásico 150A | F92: pç | G92: 1 | H92: 750 | I92: BDI 1 | J92: =H92+(H92*N6) -> 862.5 | K92: =J92*G92 -> 862.5
A93: Serviço | B93: 1.8.0.48. | C93: SINAPI | D93: 92794 | E93: Quadro distrib. chapa pintada - embutir - Barr. trif., disj. geral - DIN Cap. 70 disj. unip. - In barr. 225A | F93: pç | G93: 1 | H93: 1350 | I93: BDI 1 | J93: =H93+(H93*N6) -> 1552.5 | K93: =J93*G93 -> 1552.5
A94: Serviço | B94: 1.8.0.49. | C94: SINAPI | D94: 106085 | E94: Rack - Aberto padrão - 19" - 24U | F94: pç | G94: 1 | H94: 2100 | I94: BDI 1 | J94: =H94+(H94*N6) -> 2415 | K94: =J94*G94 -> 2415
A95: Nível 2 | B95: 1.9 | E95: HIDRÁULICA GERAL E PLUVIAIS (áreas comuns) | J95: - | K95: =SUM(K96:K155) -> 19592.774
A96: Serviço | B96: 1.9.0.1. | C96: SINAPI | D96: 89353 | E96: Registro de gaveta c/ canopla cromada, 3/4" | F96: pç | G96: 5 | H96: 46.36 | I96: BDI 1 | J96: =H96+(H96*N6) -> 53.314 | K96: =J96*G96 -> 266.57
A97: Serviço | B97: 1.9.0.2. | C97: SINAPI | D97: 94492 | E97: Registro esfera VS compacto soldável PVC, 50 mm | F97: pç | G97: 1 | H97: 53.86 | I97: BDI 1 | J97: =H97+(H97*N6) -> 61.939 | K97: =J97*G97 -> 61.939
A98: Serviço | B98: 1.9.0.3. | C98: SINAPI | D98: 9052 | E98: Mangueira PEAD, ø3/4" PEAD | F98: m | G98: 130 | H98: 4.5 | I98: BDI 1 | J98: =H98+(H98*N6) -> 5.175 | K98: =J98*G98 -> 672.75
A99: Serviço | B99: 1.9.0.4. | C99: SINAPI | D99: 89482 | E99: Caixa sifonada, 150x150x50 | F99: pç | G99: 2 | H99: 31.29 | I99: BDI 1 | J99: =H99+(H99*N6) -> 35.9835 | K99: =J99*G99 -> 71.967
A100: Serviço | B100: 1.9.0.5. | C100: SINAPI | D100: 303 | E100: Anel de borracha, 100mm - 4" | F100: pç | G100: 29 | H100: 3.2 | I100: BDI 1 | J100: =H100+(H100*N6) -> 3.68 | K100: =J100*G100 -> 106.72
A101: Serviço | B101: 1.9.0.6. | C101: SINAPI | D101: 305 | E101: Anel de borracha, 150mm - 6" | F101: pç | G101: 12 | H101: 6.8 | I101: BDI 1 | J101: =H101+(H101*N6) -> 7.82 | K101: =J101*G101 -> 93.84
A102: Serviço | B102: 1.9.0.7. | C102: SINAPI | D102: 299 | E102: Anel de borracha, 50mm - 2" | F102: pç | G102: 35 | H102: 1.9 | I102: BDI 1 | J102: =H102+(H102*N6) -> 2.185 | K102: =J102*G102 -> 76.475
A103: Serviço | B103: 1.9.0.8. | C103: SINAPI | D103: 301 | E103: Anel de borracha, 75mm - 3" | F103: pç | G103: 9 | H103: 2.5 | I103: BDI 1 | J103: =H103+(H103*N6) -> 2.875 | K103: =J103*G103 -> 25.875
A104: Serviço | B104: 1.9.0.9. | C104: SINAPI | D104: 89518 | E104: Bucha de redução longa, 50 mm - 40 mm | F104: pç | G104: 1 | H104: 5.9 | I104: BDI 1 | J104: =H104+(H104*N6) -> 6.785 | K104: =J104*G104 -> 6.785
...

Sheet PLANILHA PRINCIPAL
A1: À Câmara Municipal de Bonito/MS
A2: Processo Administrativo nº 016/2026
A3: CONSTRUÇÃO DO PRÉDIO ADMINISTRATIVO DA CÂMARA MUNICIPAL DE BONITO
A5: SINAPI - Sistema Nacional de Pesquisa de Custos e Índices da Construção Civil
A6: RELATÓRIO DE CUSTOS DE COMPOSIÇÕES / Mês de Referência: 08/2026 / Data de emissão: 11/09/2026
A7: Localidade: CAMPO GRANDE - MS | Encargos sociais COM desoneração: Horista: 99,56% Mensalista: 58,74%
I9: BDI -1 | J9: BDI -2
B10: LOCALIDADE SINAPI CAMPO GRANDE | E10: DATA BASE 08-26 | F10: MUNICÍPIO / UF MUNICÍPIO DE BONITO/MS | I10: 0.2741 | J10: 0.1412 | M10: 0.2741 | N10: 0.1412
A12: Nível | B12: Item | C12: Fonte | D12: Código | E12: Descrição | F12: unidade | G12: Quantidade | H12: Custo unitário sem BDI (R$) | I12: BDI (%) | J12: Custo unitário com BDI (R$) | K12: PREÇO TOTAL
K14: =K15+K18+K21+K25+K27+K30+K37+K39+K41+K43+K45+K96+K156+K159+K162+K164+K166+K168+K173+K176+K178+K191 -> 2271088.6
A15: Nível 2 | B15: 1.1. | E15: SERVIÇOS PRELIMINARES | J15: - | K15: =SUM(K16:K17) -> 6409.1052
A16: Serviço | B16: 1.1.0.1. | C16: SINAPI | D16: 103689 | E16: FORNECIMENTO E INSTALAÇÃO DE PLACA DE OBRA COM CHAPA GALVANIZADA E ESTRUTURA DE MADEIRA. AF_03/2022_PS | F16: m2 | G16: 5 | H16: 490.84 | I16: BDI 1 | J16: =H16+(H16*M10) -> 625.37924 | K16: =J16*G16 -> 3126.8962
A17: Serviço | B17: 1.1.0.2. | C17: SINAPI | D17: 98459 | E17: TAPUME COM TELHA METÁLICA. AF_03/2024 | F17: M2 | G17: 30 | H17: 85.87 | I17: BDI 1 | J17: =H17+(H17*M10) -> 109.40697 | K17: =J17*G17 -> 3282.209
A18: Nível 2 | B18: 1.2. | E18: FUNDAÇÃO - ESCAVAÇÃO | J18: - | K18: =SUM(K19:K20) -> 210.491
A19: Serviço | B19: 1.2.0.2. | C19: SINAPI | D19: 96527 | E19: ESCAVAÇÃO MANUAL PARA VIGA BALDRAME OU SAPATA CORRIDA (INCLUINDO ESCAVAÇÃO PARA COLOCAÇÃO DE FÔRMAS). AF_01/2024 | F19: m3 | G19: =fundação!C2 -> 1.08 | H19: 106.7 | I19: BDI 1 | J19: =H19+(H19*M10) -> 135.94647 | K19: =J19*G19 -> 146.82219
A20: Serviço | B20: 1.2.0.3. | C20: SINAPI | D20: 96621 | E20: LASTRO COM MATERIAL GRANULAR, APLICAÇÃO EM BLOCOS DE COROAMENTO, ESPESSURA DE *5 CM*. AF_01/2024 | F20: m3 | G20: =fundação!C8 -> 0.216 | H20: 231.35 | I20: BDI 1 | J20: =H20+(H20*M10) -> 294.76304 | K20: =J20*G20 -> 63.668816
A21: Nível 2 | B21: 1.3.1 | E21: BLOCO DE COROAMENTO | J21: - | K21: =SUM(K22:K24) -> 20375.073
A22: Serviço | B22: 1.3.0.1. | C22: SINAPI | D22: 92762 | E22: ARMAÇÃO DE PILAR OU VIGA DE ESTRUTURA CONVENCIONAL DE CONCRETO ARMADO UTILIZANDO AÇO CA-50 DE 10,0 MM - MONTAGEM. AF_06/2022 | F22: KG | G22: 507.2 | H22: 11.8 | I22: BDI 1 | J22: =H22+(H22*M10) -> 15.03438 | K22: =J22*G22 -> 7625.4375
A23: Serviço | B23: 1.3.0.2. | C23: SINAPI | D23: 92759 | E23: ARMAÇÃO DE PILAR OU VIGA DE ESTRUTURA CONVENCIONAL DE CONCRETO ARMADO UTILIZANDO AÇO CA-60 DE 5,0 MM - MONTAGEM. AF_06/2022 | F23: KG | G23: 67.4 | H23: 13.57 | I23: BDI 1 | J23: =H23+(H23*M10) -> 17.289537 | K23: =J23*G23 -> 1165.3148
A24: Serviço | B24: 1.3.0.3. | C24: SINAPI | D24: 96557 | E24: CONCRETAGEM DE BLOCO DE COROAMENTO OU VIGA BALDRAME, FCK 30 MPA, COM USO DE BOMBA - LANÇAMENTO, ADENSAMENTO E ACABAMENTO. AF_01/2024 | F24: M3 | G24: 10.56 | H24: 861 | I24: BDI 1 | J24: =H24+(H24*M10) -> 1097.0001 | K24: =J24*G24 -> 11584.321
A25: Nível 2 | B25: 1.4 | E25: FORMAS | J25: - | K25: =K26 -> 15253.979
A26: Serviço | B26: 1.4.0.1. | C26: SINAPI | D26: 92263 | E26: FABRICAÇÃO DE FÔRMA PARA PILARES E ESTRUTURAS SIMILARES, EM CHAPA DE MADEIRA COMPENSADA RESINADA, E = 17 MM. AF_09/2020 | F26: M2 | G26: 83.6 | H26: 143.21 | I26: BDI 1 | J26: =H26+(H26*M10) -> 182.46386 | K26: =J26*G26 -> 15253.979
A27: Nível 2 | B27: 1.5 | E27: PISO CONCRETO INTERNO, EXTERNO E CALÇADA | J27: - | K27: =SUM(K28:K29) -> 76930.416
A28: Serviço | B28: 1.5.0.1. | C28: SINAPI | D28: 97111 | E28: EXECUÇÃO DE PAVIMENTO DE CONCRETO ARMADO (PCA), FCK = 30 MPA, ESPESSURA DE 15,0 CM. AF_04/2022 (97111) | F28: M2 | G28: 250.9 | H28: 234 | I28: BDI 1 | J28: =H28+(H28*M10) -> 298.1394 | K28: =J28*G28 -> 74803.175
A29: Serviço | B29: 1.5.0.2. | C29: SINAPI | D29: 104658 | E29: PISO PODOTÁTIL DE ALERTA OU DIRECIONAL, DE CONCRETO, ASSENTADO SOBRE ARGAMASSA. AF_03/2024 (104658) | F29: M2 | G29: 9.58 | H29: 174.28 | I29: BDI 1 | J29: =H29+(H29*M10) -> 222.05015 | K29: =J29*G29 -> 2127.2404
A30: Nível 2 | B30: 1.6 | E30: COBERTURA ÁREA COMUM | J30: - | K30: =SUM(K31:K35) -> 144455.12
A31: Serviço | B31: 1.6.0.1. | C31: SINAPI | D31: 94216 | E31: TELHAMENTO COM TELHA METÁLICA TERMOACÚSTICA E = 30 MM, COM ATÉ 2 ÁGUAS, INCLUSO IÇAMENTO. AF_07/2019 (94216) | F31: M2 | G31: 266.71 | H31: 212.48 | I31: BDI 1 | J31: =H31+(H31*M10) -> 270.72077 | K31: =J31*G31 -> 72203.936
A32: Serviço | B32: 1.6.0.2. | C32: SINAPI | D32: 100327 | E32: RUFO EXTERNO/INTERNO EM CHAPA DE AÇO GALVANIZADO NÚMERO 26, CORTE DE 33 CM, INCLUSO IÇAMENTO. AF_07/2019 (100327) | F32: M | G32: =21.2+12.43+12.43 -> 46.06 | H32: 54.36 | I32: BDI 1 | J32: =H32+(H32*M10) -> 69.260076 | K32: =J32*G32 -> 3190.1191
A33: Serviço | B33: 1.6.0.3. | C33: SINAPI | D33: 94228 | E33: CALHA EM CHAPA DE AÇO GALVANIZADO NÚMERO 24, DESENVOLVIMENTO DE 50 CM, INCLUSO TRANSPORTE VERTICAL. AF_07/2019 (94228) | F33: M | G33: 21.2 | H33: 85.48 | I33: BDI 1 | J33: =H33+(H33*M10) -> 108.91007 | K33: =J33*G33 -> 2308.8934
A34: Serviço | B34: 1.6.0.4. | C34: SINAPI | D34: 100378 | E34: FABRICAÇÃO E INSTALAÇÃO DE TESOURA INTEIRA EM AÇO, VÃO DE 12 M, PARA TELHA ONDULADA DE FIBROCIMENTO, METÁLICA, PLÁSTICA OU TERMOACÚSTICA, INCLUSO IÇAMENTO, EXCLUSIVE PINTURA. AF_10/2025 (100378) | F34: KG | G34: =1209.6168+389.9742 -> 1599.591 | H34: 12.33 | I34: BDI 1 | J34: =H34+(H34*M10) -> 15.709653 | K34: =J34*G34 -> 25129.02
A35: Serviço | B35: 1.6.0.5. | C35: SINAPI | D35: 104314 | E35: TRAMA DE AÇO COMPOSTA POR TERÇAS PARA TELHA METÁLICA OU TERMOACÚSTICA, INCLUSO TRANSPORTE VERTICAL. AF_10/2025 (104314) | F35: KG | G35: =2095.2525+232.83+510.2032 -> 2838.2857 | H35: 11.51 | I35: BDI 1 | J35: =H35+(H35*M10) -> 14.664891 | K35: =J35*G35 -> 41623.15
A36: Nível 2 | B36: 1.7 | E36: MÓDULOS HABITÁVEIS PRÉ FABRICADOS | J36: -
A37: Nível 2 | B37: 1.7.1 | E37: MÓDULOS COM 3 SALAS | J37: - | K37: =K38 -> 780580.8
A38: PRODUTO | B38: 1.7.1.1. | C38: COMPOSIÇÃO | E38: Modulo CTT Térmico habitável móvel, obedecendo às seguintes especificações: estrutura fabricado em aço galvanizado,cobertura e paredes de painel isotérmico (aço/aço) interior em PIR, com piso em madeira plastica (pvc de alto tréfego), medidas externas de 12,00 x 3,00 x 3,00 metros (c x l x a) contendo 3 (três) portas de correr de duas folhas em vidro temperado de 10,00mm com medidas internas de 1,60 x 2,10 (l x a) metros e 3 (três) portas de abrir de madeira com 0,80 x 2,10 metros (l x a) com maçaneta, fechadura e chave, contem instalação elétrica com 36 (trinta e seis) pontos de iluminação, 54 (cinquenta e quatro) tomadas duplas de 10 AMP, 6 (SEIS) tomadas duplas de 20 AMP 220V e 6 (seis) tomadas duplas de 20 AMP. Contem 6 (seis) aparelhos de Ar Condicionado Split Hi Wall Inverter Hisense Eco Plus 12000 Btus Frio 220v R-32 SEM WI-FI. INSTALAÇÕES DE REDE DE LÓGICA COMPLETA | F38: unid | G38: 3 | H38: 228000 | I38: BDI 2 | J38: =H38+(H38*N10) -> 260193.6 | K38: =J38*G38 -> 780580.8
A39: Nível 2 | B39: 1.7.2 | E39: MÓDULOS COM 2 SALAS | J39: - | K39: =K40 -> 237369.6
A40: PRODUTO | B40: 1.7.2.1. | C40: COMPOSIÇÃO | E40: Modulo CTT Térmico habitável móvel, obedecendo às seguintes especificações: estrutura fabricado em aço galvanizado,cobertura e paredes de painel isotérmico (aço/aço) interior em PIR, com piso em madeira plastica (pvc de alto tréfego), medidas externas de 12,00 x 3,00 x 3,00 metros (c x l x a) contendo 2 (duas) portas de correr de duas folhas em vidro temperado de 10,00mm com medidas internas de 1,60 x 2,10 (l x a) metros e 2 (duas) portas de abrir de madeira com 0,80 x 2,10 metros (l x a) com maçaneta, fechadura e chave, contem instalação elétrica com 34 (trinta e quatro) pontos de iluminação, 36 (trinta e seis) tomadas duplas de 10 AMP, 6 (SEIS) tomadas duplas de 20 AMP 220V e 6 (seis) tomadas duplas de 20 AMP. Contem 4 (quatro) aparelhos de Ar Condicionado Split Hi Wall Inverter Hisense Eco Plus 12000 Btus Frio 220v R-32 SEM WI-FI. INSTALAÇÕES DE REDE DE LÓGICA COMPLETA. | F40: unid | G40: 1 | H40: 208000 | I40: BDI 2 | J40: =H40+(H40*N10) -> 237369.6 | K40: =J40*G40 -> 237369.6
A41: Nível 2 | B41: 1.7.3 | E41: MÓDULO REUNIÃO | J41: - | K41: =K42 -> 231663.6
A42: PRODUTO | B42: 1.7.3.1. | C42: COMPOSIÇÃO | E42: Modulo CTT Térmico habitável móvel, obedecendo às seguintes especificações: estrutura fabricado em aço galvanizado,cobertura e paredes de painel isotérmico (aço/aço) interior em PIR, com piso em madeira plastica (pvc de alto tréfego), medidas externas de 12,00 x 3,00 x 3,00 metros (c x l x a) contendo 1 (uma) porta de correr de duas folhas em vidro temperado de 10,00mm com medidas internas de 1,60 x 2,10 (l x a) metros e 1 (uma) porta de abrir de madeira com 0,80 x 2,10 metros (l x a) com maçaneta, fechadura e chave, contem instalação elétrica com 24 (vinte e quatro) pontos de iluminação, 31 (trinta e uma) tomadas duplas de 10 AMP, 2 (duas) tomadas duplas de 20 AMP 220V e 2 (duas) tomadas duplas de 20 AMP piso. Contem 2 (dois) aparelhos de Ar Condicionado Split Hi Wall Inverter Elgin Eco III Wi-Fi 24000 Btus Quente e Frio 220v R-32. INSTALAÇÕES DE REDE DE LÓGICA COMPLETA. | F42: unid | G42: 1 | H42: 203000 | I42: BDI 2 | J42: =H42+(H42*N10) -> 231663.6 | K42: =J42*G42 -> 231663.6
A43: Nível 2 | B43: 1.7.4 | E43: MÓDULO BANHEIROS (masculino e feminino) | J43: - | K43: =K44 -> 149497.2
A44: PRODUTO | B44: 1.7.4.1. | C44: COMPOSIÇÃO | E44: Modulo CTT Térmico habitável móvel, obedecendo às seguintes especificações: estrutura fabricado em aço galvanizado,cobertura e paredes de painel isotérmico (aço/aço) interior em PIR, com piso em madeira plastica (pvc de alto tréfego), medidas externas de 6,00 x 3,00 x 3,00 metros (c x l x a) contendo 2 (duas) portas de abertura externa PCD 0,90 x 2,10 (l x a) metros e 5 (cinco) boxes em vidro temperado e adesivado com fechadura para banheiro, contem instalação elétrica com 4 (quatro) pontos de iluminação, 4 (quatro) tomadas duplas de 10 AMP, 2 (duas) tomadas duplas de 20 AMP 220V. WC MASCULINO Contem 1 (uma) cabine PCD, 1 (uma) cabine convencional e 1 (um) mictório. WC FEMININO Contem 1 (uma) cabine PCD, 1 (uma) cabine convencional. | F44: unid | G44: 1 | H44: 131000 | I44: BDI 2 | J44: =H44+(H44*N10) -> 149497.2 | K44: =J44*G44 -> 149497.2
A45: Nível 2 | B45: 1.8 | E45: ELÉTRICA GERAL (ENTRADA E ÁREA COMUM) | J45: - | K45: =SUM(K46:K95) -> 57196.332
A46: Serviço | B46: 1.8.0.1. | C46: SINAPI | D46: 91940 | E46: CAIXA RETANGULAR 4" X 2" MÉDIA (1,30 M DO PISO), PVC, INSTALADA EM PAREDE - FORNECIMENTO E INSTALAÇÃO. AF_03/2023 | F46: pç | G46: 10 | H46: 17.47 | I46: BDI 1 | J46: =H46+(H46*M10) -> 22.258527 | K46: =J46*G46 -> 222.58527
A47: Serviço | B47: 1.8.0.2. | C47: SINAPI | D47: 91943 | E47: CAIXA RETANGULAR 4" X 4" MÉDIA (1,30 M DO PISO), PVC, INSTALADA EM PAREDE - FORNECIMENTO E INSTALAÇÃO. AF_03/2023 | F47: pç | G47: 3 | H47: 19.95 | I47: BDI 1 | J47: =H47+(H47*M10) -> 25.418295 | K47: =J47*G47 -> 76.254885
A48: Serviço | B48: 1.8.0.3. | C48: SINAPI | D48: 104749 | E48: CONECTOR GRAMPO METÁLICO TIPO OLHAL, PARA SPDA, PARA HASTE DE ATERRAMENTO DE 3/4'' E CABOS DE 10 A 50 MM2 - FORNECIMENTO E INSTALAÇÃO. AF_08/2023 | F48: pç | G48: 3 | H48: 19.79 | I48: BDI 1 | J48: =H48+(H48*M10) -> 25.214439 | K48: =J48*G48 -> 75.643317
A49: Serviço | B49: 1.8.0.4. | C49: SINAPI | D49: 96986 | E49: HASTE DE ATERRAMENTO, DIÂMETRO 3/4", COM 3 METROS - FORNECIMENTO E INSTALAÇÃO. AF_08/2023 | F49: pç | G49: 3 | H49: 118.46 | I49: BDI 1 | J49: =H49+(H49*M10) -> 150.92989 | K49: =J49*G49 -> 452.78966
A50: Serviço | B50: 1.8.0.5. | C50: SINAPI | D50: 91933 | E50: CABO DE COBRE FLEXÍVEL ISOLADO, 10 MM², ANTI-CHAMA 0,6/1,0 KV, PARA CIRCUITOS TERMINAIS - FORNECIMENTO E INSTALAÇÃO. AF_03/2023² - Azul claro | F50: m | G50: 100 | H50: 19.83 | I50: BDI 1 | J50: =H50+(H50*M10) -> 25.265403 | K50: =J50*G50 -> 2526.5403
A51: Serviço | B51: 1.8.0.6. | C51: SINAPI | D51: 91933 | E51: CABO DE COBRE FLEXÍVEL ISOLADO, 10 MM², ANTI-CHAMA 0,6/1,0 KV, PARA CIRCUITOS TERMINAIS - FORNECIMENTO E INSTALAÇÃO. AF_03/2023² - Branco | F51: m | G51: 100 | H51: 19.83 | I51: BDI 1 | J51: =H51+(H51*M10) -> 25.265403 | K51: =J51*G51 -> 2526.5403
A52: Serviço | B52: 1.8.0.7. | C52: SINAPI | D52: 91933 | E52: CABO DE COBRE FLEXÍVEL ISOLADO, 10 MM², ANTI-CHAMA 0,6/1,0 KV, PARA CIRCUITOS TERMINAIS - FORNECIMENTO E INSTALAÇÃO. AF_03/2023²² - Preto | F52: m | G52: 100 | H52: 19.83 | I52: BDI 1 | J52: =H52+(H52*M10) -> 25.265403 | K52: =J52*G52 -> 2526.5403
A53: Serviço | B53: 1.8.0.8. | C53: SINAPI | D53: 91933 | E53: CABO DE COBRE FLEXÍVEL ISOLADO, 10 MM², ANTI-CHAMA 0,6/1,0 KV, PARA CIRCUITOS TERMINAIS - FORNECIMENTO E INSTALAÇÃO. AF_03/2023² - Verde-amarelo | F53: m | G53: 100 | H53: 19.83 | I53: BDI 1 | J53: =H53+(H53*M10) -> 25.265403 | K53: =J53*G53 -> 2526.5403
A54: Serviço | B54: 1.8.0.9. | C54: SINAPI | D54: 91933 | E54: CABO DE COBRE FLEXÍVEL ISOLADO, 10 MM², ANTI-CHAMA 0,6/1,0 KV, PARA CIRCUITOS TERMINAIS - FORNECIMENTO E INSTALAÇÃO. AF_03/2023² - Vermelho | F54: m | G54: 100 | H54: 19.83 | I54: BDI 1 | J54: =H54+(H54*M10) -> 25.265403 | K54: =J54*G54 -> 2526.5403
A55: Serviço | B55: 1.8.0.10. | C55: SINAPI | D55: 92984 | E55: CABO DE COBRE FLEXÍVEL ISOLADO, 25 MM², ANTI-CHAMA 0,6/1,0 KV, PARA REDE ENTERRADA DE DISTRIBUIÇÃO DE ENERGIA ELÉTRICA - FORNECIMENTO E INSTALAÇÃO. AF_12/2021 - Verde-amarelo | F55: m | G55: 30 | H55: 29.1 | I55: BDI 1 | J55: =H55+(H55*M10) -> 37.07631 | K55: =J55*G55 -> 1112.2893
A56: Serviço | B56: 1.8.0.11. | C56: SINAPI | D56: 92988 | E56: CABO DE COBRE FLEXÍVEL ISOLADO, 50 MM², ANTI-CHAMA 0,6/1,0 KV, PARA REDE ENTERRADA DE DISTRIBUIÇÃO DE ENERGIA ELÉTRICA - FORNECIMENTO E INSTALAÇÃO. AF_12/2021² - Azul claro | F56: m | G56: 30 | H56: 71.14 | I56: BDI 1 | J56: =H56+(H56*M10) -> 90.639474 | K56: =J56*G56 -> 2719.1842
A57: Serviço | B57: 1.8.0.12. | C57: SINAPI | D57: 92988 | E57: CABO DE COBRE FLEXÍVEL ISOLADO, 50 MM², ANTI-CHAMA 0,6/1,0 KV, PARA REDE ENTERRADA DE DISTRIBUIÇÃO DE ENERGIA ELÉTRICA - FORNECIMENTO E INSTALAÇÃO. AF_12/2021 - Branco | F57: m | G57: 30 | H57: 71.14 | I57: BDI 1 | J57: =H57+(H57*M10) -> 90.639474 | K57: =J57*G57 -> 2719.1842
A58: Serviço | B58: 1.8.0.13. | C58: SINAPI | D58: 92988 | E58: CABO DE COBRE FLEXÍVEL ISOLADO, 50 MM², ANTI-CHAMA 0,6/1,0 KV, PARA REDE ENTERRADA DE DISTRIBUIÇÃO DE ENERGIA ELÉTRICA - FORNECIMENTO E INSTALAÇÃO. AF_12/2021 - Preto | F58: m | G58: 30 | H58: 71.14 | I58: BDI 1 | J58: =H58+(H58*M10) -> 90.639474 | K58: =J58*G58 -> 2719.1842
A59: Serviço | B59: 1.8.0.14. | C59: SINAPI | D59: 92988 | E59: CABO DE COBRE FLEXÍVEL ISOLADO, 50 MM², ANTI-CHAMA 0,6/1,0 KV, PARA REDE ENTERRADA DE DISTRIBUIÇÃO DE ENERGIA ELÉTRICA - FORNECIMENTO E INSTALAÇÃO. AF_12/2021 - Vermelho | F59: m | G59: 30 | H59: 71.14 | I59: BDI 1 | J59: =H59+(H59*M10) -> 90.639474 | K59: =J59*G59 -> 2719.1842
A60: Serviço | B60: 1.8.0.15. | C60: SINAPI | D60: 91926 | E60: CABO DE COBRE FLEXÍVEL ISOLADO, 2,5 MM², ANTI-CHAMA 450/750 V, PARA CIRCUITOS TERMINAIS - FORNECIMENTO E INSTALAÇÃO. AF_03/2023 - Amarelo | F60: m | G60: 580 | H60: 5.19 | I60: BDI 1 | J60: =H60+(H60*M10) -> 6.612579 | K60: =J60*G60 -> 3835.2958
A61: Serviço | B61: 1.8.0.16. | C61: SINAPI | D61: 91926 | E61: CABO DE COBRE FLEXÍVEL ISOLADO, 2,5 MM², ANTI-CHAMA 450/750 V, PARA CIRCUITOS TERMINAIS - FORNECIMENTO E INSTALAÇÃO. AF_03/2023 - Azul claro | F61: m | G61: 50 | H61: 5.19 | I61: BDI 1 | J61: =H61+(H61*M10) -> 6.612579 | K61: =J61*G61 -> 330.62895
A62: Serviço | B62: 1.8.0.17. | C62: SINAPI | D62: 91926 | E62: CABO DE COBRE FLEXÍVEL ISOLADO, 2,5 MM², ANTI-CHAMA 450/750 V, PARA CIRCUITOS TERMINAIS - FORNECIMENTO E INSTALAÇÃO. AF_03/2023 - Branco | F62: m | G62: 21 | H62: 5.19 | I62: BDI 1 | J62: =H62+(H62*M10) -> 6.612579 | K62: =J62*G62 -> 138.86416
A63: Serviço | B63: 1.8.0.18. | C63: SINAPI | D63: 91926 | E63: CABO DE COBRE FLEXÍVEL ISOLADO, 2,5 MM², ANTI-CHAMA 450/750 V, PARA CIRCUITOS TERMINAIS - FORNECIMENTO E INSTALAÇÃO. AF_03/2023 - Preto | F63: m | G63: 50 | H63: 5.19 | I63: BDI 1 | J63: =H63+(H63*M10) -> 6.612579 | K63: =J63*G63 -> 330.62895
A64: Serviço | B64: 1.8.0.19. | C64: SINAPI | D64: 91926 | E64: CABO DE COBRE FLEXÍVEL ISOLADO, 2,5 MM², ANTI-CHAMA 450/750 V, PARA CIRCUITOS TERMINAIS - FORNECIMENTO E INSTALAÇÃO. AF_03/2023 - Verde-amarelo | F64: m | G64: 50 | H64: 5.19 | I64: BDI 1 | J64: =H64+(H64*M10) -> 6.612579 | K64: =J64*G64 -> 330.62895
A65: Serviço | B65: 1.8.0.20. | C65: SINAPI | D65: 91926 | E65: CABO DE COBRE FLEXÍVEL ISOLADO, 2,5 MM², ANTI-CHAMA 450/750 V, PARA CIRCUITOS TERMINAIS - FORNECIMENTO E INSTALAÇÃO. AF_03/2023 - Vermelho | F65: m | G65: 100 | H65: 5.19 | I65: BDI 1 | J65: =H65+(H65*M10) -> 6.612579 | K65: =J65*G65 -> 661.2579
A66: Serviço | B66: 1.8.0.21. | C66: SINAPI | D66: COMPOSIÇÃO ITEM 01 | E66: CAIXA DE PASSAGEM EMBUTIR BRANCA 20 X 20 CM MORATORI 203B AGUIA AG-CPE20 ANDALUZ 56901 ND METAL 1017 | F66: pç | G66: 9 | H66: ='1-COMP. CX. ELET'!F18 -> 106.9962 | I66: BDI 1 | J66: =H66+(H66*M10) -> 136.32386 | K66: =J66*G66 -> 1226.9147
A67: Serviço | B67: 1.8.0.22. | C67: SINAPI | D67: COMPOSIÇÃO ITEM 02 | E67: CAIXA DE PASSAGEM EMBUTIR BRANCA 31 X 31 CM MORATORI 204B AGUIA AG-CPE30 ANDALUZ 01795 ND METAL 1019 | F67: pç | G67: 3 | H67: ='1-COMP. CX. ELET'!F26 -> 181.98163 | I67: BDI 1 | J67: =H67+(H67*M10) -> 231.86279 | K67: =J67*G67 -> 695.58838
A68: Serviço | B68: 1.8.0.23. | C68: SINAPI | D68: COMPOSIÇÃO ITEM 03 | E68: CAIXA DE PASSAGEM EMBUTIR BRANCA 41 X 41 CM MORATORI 205B ANDALUZ62299 ND METAL 1020 | F68: pç | G68: 2 | H68: ='1-COMP. CX. ELET'!F34 -> 254.02619 | I68: BDI 1 | J68: =H68+(H68*M10) -> 323.65477 | K68: =J68*G68 -> 647.30953
A69: Serviço | B69: 1.8.0.24. | C69: SINAPI | D69: 96973 | E69: CORDOALHA DE COBRE NU 35 MM², NÃO ENTERRADA, COM ISOLADOR - FORNECIMENTO E INSTALAÇÃO. AF_08/2023 | F69: m | G69: 8 | H69: 81.59 | I69: BDI 1 | J69: =H69+(H69*M10) -> 103.95382 | K69: =J69*G69 -> 831.63055
A70: Serviço | B70: 1.8.0.25. | C70: SINAPI | D70: 92001 | E70: TOMADA BAIXA DE EMBUTIR (1 MÓDULO), 2P+T 20 A, INCLUINDO SUPORTE E PLACA - FORNECIMENTO E INSTALAÇÃO. AF_03/2023 | F70: pç | G70: 1 | H70: 31.29 | I70: BDI 1 | J70: =H70+(H70*M10) -> 39.866589 | K70: =J70*G70 -> 39.866589
A71: Serviço | B71: 1.8.0.26. | C71: SINAPI | D71: 91952 | E71: INTERRUPTOR SIMPLES (1 MÓDULO), 10A/250V, SEM SUPORTE E SEM PLACA - FORNECIMENTO E INSTALAÇÃO. AF_03/2023 | F71: pç | G71: 2 | H71: 17.78 | I71: BDI 1 | J71: =H71+(H71*M10) -> 22.653498 | K71: =J71*G71 -> 45.306996
A72: Serviço | B72: 1.8.0.27. | C72: SINAPI | D72: 91999 | E72: TOMADA BAIXA DE EMBUTIR (1 MÓDULO), 2P+T 20 A, SEM SUPORTE E SEM PLACA - FORNECIMENTO E INSTALAÇÃO. AF_03/2023 | F72: pç | G72: 1 | H72: 20.95 | I72: BDI 1 | J72: =H72+(H72*M10) -> 26.692395 | K72: =J72*G72 -> 26.692395
A73: Serviço | B73: 1.8.0.28. | C73: SINAPI | D73: 91999 | E73: TOMADA BAIXA DE EMBUTIR (1 MÓDULO), 2P+T 20 A, SEM SUPORTE E SEM PLACA - FORNECIMENTO E INSTALAÇÃO. AF_03/2023 VERMELHO | F73: pç | G73: 1 | H73: 20.95 | I73: BDI 1 | J73: =H73+(H73*M10) -> 26.692395 | K73: =J73*G73 -> 26.692395
A74: Serviço | B74: 1.8.0.29. | C74: SINAPI | D74: 91946 | E74: SUPORTE PARAFUSADO COM PLACA DE ENCAIXE 4" X 2" MÉDIO (1,30 M DO PISO) PARA PONTO ELÉTRICO - FORNECIMENTO E INSTALAÇÃO. AF_03/2023 - Placa c/ furo | F74: pç | G74: 1 | H74: 10.34 | I74: BDI 1 | J74: =H74+(H74*M10) -> 13.174194 | K74: =J74*G74 -> 13.174194
A75: Serviço | B75: 1.8.0.30. | C75: SINAPI | D75: 91946 | E75: SUPORTE PARAFUSADO COM PLACA DE ENCAIXE 4" X 2" MÉDIO (1,30 M DO PISO) PARA PONTO ELÉTRICO - FORNECIMENTO E INSTALAÇÃO. AF_03/2023" - Placa cega | F75: pç | G75: 1 | H75: 10.34 | I75: BDI 1 | J75: =H75+(H75*M10) -> 13.174194 | K75: =J75*G75 -> 13.174194
A76: Serviço | B76: 1.8.0.31. | C76: SINAPI | D76: 91946 | E76: SUPORTE PARAFUSADO COM PLACA DE ENCAIXE 4" X 2" MÉDIO (1,30 M DO PISO) PARA PONTO ELÉTRICO - FORNECIMENTO E INSTALAÇÃO. AF_03/2023 - Placa espelho p/ 1 módulo | F76: pç | G76: 4 | H76: 10.34 | I76: BDI 1 | J76: =H76+(H76*M10) -> 13.174194 | K76: =J76*G76 -> 52.696776
A77: Serviço | B77: 1.8.0.32. | C77: SINAPI | D77: 91946 | E77: SUPORTE PARAFUSADO COM PLACA DE ENCAIXE 4" X 2" MÉDIO (1,30 M DO PISO) PARA PONTO ELÉTRICO - FORNECIMENTO E INSTALAÇÃO. AF_03/2023 - Placa p/ 1 função retangular | F77: pç | G77: 3 | H77: 10.34 | I77: BDI 1 | J77: =H77+(H77*M10) -> 13.174194 | K77: =J77*G77 -> 39.522582
A78: Serviço | B78: 1.8.0.33. | C78: SINAPI | D78: 91946 | E78: SUPORTE PARAFUSADO COM PLACA DE ENCAIXE 4" X 2" MÉDIO (1,30 M DO PISO) PARA PONTO ELÉTRICO - FORNECIMENTO E INSTALAÇÃO. AF_03/2023 - Suporte 4x2" | F78: pç | G78: 4 | H78: 10.34 | I78: BDI 1 | J78: =H78+(H78*M10) -> 13.174194 | K78: =J78*G78 -> 52.696776
A79: Serviço | B79: 1.8.0.34. | C79: SINAPI | D79: 91950 | E79: SUPORTE PARAFUSADO COM PLACA DE ENCAIXE 4" X 4" MÉDIO (1,30 M DO PISO) PARA PONTO ELÉTRICO - FORNECIMENTO E INSTALAÇÃO. AF_03/2023" - Placa cega | F79: pç | G79: 3 | H79: 14.83 | I79: BDI 1 | J79: =H79+(H79*M10) -> 18.894903 | K79: =J79*G79 -> 56.684709
A80: Serviço | B80: 1.8.0.35. | C80: SINAPI | D80: 91950 | E80: SUPORTE PARAFUSADO COM PLACA DE ENCAIXE 4" X 4" MÉDIO (1,30 M DO PISO) PARA PONTO ELÉTRICO - FORNECIMENTO E INSTALAÇÃO. AF_03/2023 - Suporte 4x4" | F80: pç | G80: 3 | H80: 14.83 | I80: BDI 1 | J80: =H80+(H80*M10) -> 18.894903 | K80: =J80*G80 -> 56.684709
A81: Serviço | B81: 1.8.0.36. | C81: SINAPI | D81: 101632 | E81: RELÉ FOTOELÉTRICO PARA COMANDO DE ILUMINAÇÃO EXTERNA 1000 W - FORNECIMENTO E INSTALAÇÃO. AF_02/2025 | F81: pç | G81: 6 | H81: 28.12 | I81: BDI 1 | J81: =H81+(H81*M10) -> 35.827692 | K81: =J81*G81 -> 214.96615
A82: Serviço | B82: 1.8.0.37. | C82: SINAPI | D82: 93671 | E82: DISJUNTOR TRIPOLAR TIPO DIN, CORRENTE NOMINAL DE 32A - FORNECIMENTO E INSTALAÇÃO. AF_07/2025 | F82: pç | G82: 3 | H82: 76.17 | I82: BDI 1 | J82: =H82+(H82*M10) -> 97.048197 | K82: =J82*G82 -> 291.14459
A83: Serviço | B83: 1.8.0.38. | C83: SINAPI | D83: 93672 | E83: DISJUNTOR TRIPOLAR TIPO DIN, CORRENTE NOMINAL DE 40A - FORNECIMENTO E INSTALAÇÃO. AF_07/2025 | F83: pç | G83: 4 | H83: 82.75 | I83: BDI 1 | J83: =H83+(H83*M10) -> 105.43178 | K83: =J83*G83 -> 421.7271
A84: Serviço | B84: 1.8.0.39. | C84: SINAPI | D84: 101895 | E84: DISJUNTOR TERMOMAGNÉTICO TRIPOLAR, CORRENTE NOMINAL DE 125A - FORNECIMENTO E INSTALAÇÃO. AF_07/2025 | F84: pç | G84: 2 | H84: 397.04 | I84: BDI 1 | J84: =H84+(H84*M10) -> 505.86866 | K84: =J84*G84 -> 1011.7373
A85: Serviço | B85: 1.8.0.40. | C85: SINAPI | D85: 106027 | E85: DISPOSITIVO DPS 20KA-175V OU 275V - FORNECIMENTO E INSTALAÇÃO. AF_07/2025 | F85: pç | G85: 4 | H85: 70.62 | I85: BDI 1 | J85: =H85+(H85*M10) -> 89.976942 | K85: =J85*G85 -> 359.90777
A86: Serviço | B86: 1.8.0.41. | C86: SINAPI | D86: 91856 | E86: ELETRODUTO FLEXÍVEL CORRUGADO, PVC, DN 32 MM (1"), PARA CIRCUITOS TERMINAIS, INSTALADO EM PAREDE - FORNECIMENTO E INSTALAÇÃO. AF_03/2023 | F86: m | G86: 180 | H86: 12.59 | I86: BDI 1 | J86: =H86+(H86*M10) -> 16.040919 | K86: =J86*G86 -> 2887.3654
A87: Serviço | B87: 1.8.0.42. | C87: SINAPI | D87: 91854 | E87: ELETRODUTO FLEXÍVEL CORRUGADO, PVC, DN 25 MM (3/4"), PARA CIRCUITOS TERMINAIS, INSTALADO EM PAREDE - FORNECIMENTO E INSTALAÇÃO. AF_03/2023 | F87: m | G87: 66.7 | H87: 9.76 | I87: BDI 1 | J87: =H87+(H87*M10) -> 12.435216 | K87: =J87*G87 -> 829.42891
A88: Serviço | B88: 1.8.0.43. | C88: SINAPI | D88: 97667 | E88: ELETRODUTO FLEXÍVEL CORRUGADO, PEAD, DN 50 (1 1/2"), PARA REDE ENTERRADA DE DISTRIBUIÇÃO DE ENERGIA ELÉTRICA - FORNECIMENTO E INSTALAÇÃO. AF_12/2021 | F88: m | G88: 57 | H88: 8.65 | I88: BDI 1 | J88: =H88+(H88*M10) -> 11.020965 | K88: =J88*G88 -> 628.19501
A89: Serviço | B89: 1.8.0.44. | C89: SINAPI | D89: 91860 | E89: ELETRODUTO FLEXÍVEL CORRUGADO, PEAD, DN 40 MM (1 1/4"), PARA CIRCUITOS TERMINAIS, INSTALADO EM PAREDE - FORNECIMENTO E INSTALAÇÃO. AF_03/2023 | F89: m | G89: 3.4 | H89: 12.74 | I89: BDI 1 | J89: =H89+(H89*M10) -> 16.232034 | K89: =J89*G89 -> 55.188916
A90: Serviço | B90: 1.8.0.45. | C90: SINAPI | D90: 97668 | E90: ELETRODUTO FLEXÍVEL CORRUGADO, PEAD, DN 63 (2"), PARA REDE ENTERRADA DE DISTRIBUIÇÃO DE ENERGIA ELÉTRICA - FORNECIMENTO E INSTALAÇÃO. AF_12/2021 | F90: m | G90: 83.99 | H90: 12.33 | I90: BDI 1 | J90: =H90+(H90*M10) -> 15.709653 | K90: =J90*G90 -> 1319.4538
A91: Serviço | B91: 1.8.0.46. | C91: SINAPI | D91: 93010 | E91: ELETRODUTO RÍGIDO ROSCÁVEL, PVC, DN 75 MM (2 1/2"), PARA REDE ENTERRADA DE DISTRIBUIÇÃO DE ENERGIA ELÉTRICA - FORNECIMENTO E INSTALAÇÃO. AF_12/2021 | F91: m | G91: 46.85 | H91: 40.05 | I91: BDI 1 | J91: =H91+(H91*M10) -> 51.027705 | K91: =J91*G91 -> 2390.648
A92: Serviço | B92: 1.8.0.47. | C92: SINAPI | D92: 101509 | E92: ENTRADA DE ENERGIA ELÉTRICA, AÉREA, TRIFÁSICA, COM CAIXA DE EMBUTIR, CABO DE 10 MM2 E DISJUNTOR DIN 50A (NÃO INCLUSO O POSTE) | F92: pç | G92: 1 | H92: 2158.75 | I92: BDI 1 | J92: =H92+(H92*M10) -> 2750.4634 | K92: =J92*G92 -> 2750.4634
A93: Serviço | B93: 1.8.0.48. | C93: SINAPI | D93: COMPOSIÇÃO ITEM 04 | E93: Quadro distrib. chapa pintada - embutir - Barramento trifásico disj. geral - DIN Cap. 70 disj. unip. - In barr. 225A | F93: pç | G93: 1 | H93: ='1-COMP. CX. ELET'!F41 -> 2549.98 | I93: BDI 1 | J93: =H93+(H93*M10) -> 3248.9295 | K93: =J93*G93 -> 3248.9295
A94: Serviço | B94: 1.8.0.49. | C94: SINAPI | D94: 100555 | E94: RACK ABERTO EM COLUNA 44U PARA SERVIDOR - FORNECIMENTO E INSTALAÇÃO. AF_08/2025 | F94: pç | G94: 1 | H94: 1523.58 | I94: BDI 1 | J94: =H94+(H94*M10) -> 1941.1933 | K94: =J94*G94 -> 1941.1933
A95: Serviço | B95: 1.8.0.50. | C95: SINAPI | D95: COMPOSIÇÃO ITEM 05 | E95: Fornecimento e instalação de painéis de LED quadrados de sobrepor, na cor preta, com dimensões de 40 x 40 cm, potência de 36 W e luz neutra, conforme especificações do projeto luminotécnico. | F95: pç | G95: 30 | H95: ='1-COMP. CX. ELET'!F48 -> 103.2112 | I95: BDI 1 | J95: =H95+(H95*M10) -> 131.50139 | K95: =J95*G95 -> 3945.0417
A96: Nível 2 | B96: 1.9 | E96: HIDRÁULICA GERAL E PLUVIAIS (áreas comuns) | J96: - | K96: =SUM(K97:K155) -> 32670.774
A97: Serviço | B97: 1.9.0.1. | C97: SINAPI | D97: 89987 | E97: REGISTRO DE GAVETA BRUTO, LATÃO, ROSCÁVEL, 3/4", COM ACABAMENTO E CANOPLA CROMADOS - FORNECIMENTO E INSTALAÇÃO. AF_08/2021 | F97: pç | G97: 5 | H97: 96.96 | I97: BDI 1 | J97: =H97+(H97*M10) -> 123.53674 | K97: =J97*G97 -> 617.68368
A98: Serviço | B98: 1.9.0.2. | C98: SINAPI | D98: 94492 | E98: REGISTRO DE ESFERA, PVC, SOLDÁVEL, COM VOLANTE, DN 50 MM - FORNECIMENTO E INSTALAÇÃO. AF_08/2021 | F98: pç | G98: 1 | H98: 7.91 | I98: BDI 1 | J98: =H98+(H98*M10) -> 10.078131 | K98: =J98*G98 -> 10.078131
A99: Serviço | B99: 1.9.0.3. | C99: SINAPI | D99: 9052 | E99: Mangueira PEAD, ø3/4" PEAD | F99: m | G99: 130 | H99: 4.5 | I99: BDI 1 | J99: =H99+(H99*M10) -> 5.73345 | K99: =J99*G99 -> 745.3485
A100: Serviço | B100: 1.9.0.4. | C100: SINAPI | D100: 104328 | E100: CAIXA SIFONADA, COM GRELHA QUADRADA, PVC, DN 150 X 150 X 50 MM, JUNTA SOLDÁVEL, FORNECIDA E INSTALADA EM RAMAL DE DESCARGA OU EM RAMAL DE ESGOTO SANITÁRIO. AF_08/2022 | F100: pç | G100: 2 | H100: 77.13 | I100: BDI 1 | J100: =H100+(H100*M10) -> 98.271333 | K100: =J100*G100 -> 196.54267
A101: Serviço | B101: 1.9.0.5. | C101: SINAPI | D101: 301 | E101: ANEL BORRACHA PARA TUBO ESGOTO PREDIAL, DN 100 MM (NBR 5688) | F101: pç | G101: 29 | H101: 4.07 | I101: BDI 1 | J101: =H101+(H101*M10) -> 5.185587 | K101: =J101*G101 -> 150.38202
A102: Serviço | B102: 1.9.0.6. | C102: SINAPI | D102: 305 | E102: ANEL BORRACHA, PARA TUBO PVC, REDE COLETOR ESGOTO, DN 150 MM (NBR 7362) | F102: pç | G102: 12 | H102: 22.61 | I102: BDI 1 | J102: =H102+(H102*M10) -> 28.807401 | K102: =J102*G102 -> 345.68881
A103: Serviço | B103: 1.9.0.7. | C103: SINAPI | D103: 296 | E103: ANEL BORRACHA PARA TUBO ESGOTO PREDIAL, DN 50 MM (NBR 5688) | F103: pç | G103: 35 | H103: 2.46 | I103: BDI 1 | J103: =H103+(H103*M10) -> 3.134286 | K103: =J103*G103 -> 109.70001
A104: Serviço | B104: 1.9.0.8. | C104: SINAPI | D104: 297 | E104: ANEL BORRACHA PARA TUBO ESGOTO PREDIAL, DN 75 MM (NBR 5688) | F104: pç | G104: 9 | H104: 3.62 | I104: BDI 1 | J104: =H104+(H104*M10) -> 4.612242 | K104: =J104*G104 -> 41.510178
...

Sheet fundação
A1: SAPATA 1 | B1: 60x60x25 | C1: UNID | F1: PILAR 1 | G1: 20X20X150 | H1: UNID | K1: TOTAL
A2: 12 | B2: =0.6*0.6*0.25 -> 0.09 | C2: =B2*A2 -> 1.08 | D2: M3 | F2: 12 | G2: =0.25*0.25*1.5 -> 0.09375 | H2: =G2*F2 -> 1.125 | I2: M3 | K2: =C2+H2 -> 2.205
A4: FORMA | F4: FORMA
A5: =0.6*0.6*0.25 -> 0.09 | B5: =A5*4 -> 0.36 | C5: =B5*A2 -> 4.32 | D5: M2 | F5: =0.2*0.2*0.25 -> 0.01 | G5: =F5*4 -> 0.04 | H5: =G5*F2 -> 0.48 | I5: M2 | K5: =H5+C5 -> 4.8
A7: LASTRO | F7: LASTRO
A8: =A2 -> 12 | B8: =0.36*0.05 -> 0.018 | C8: =B8*A8 -> 0.216 | D8: M3 | F8: 0 | G8: =0.36*0.05 -> 0.018 | H8: =G8*F8 -> 0 | I8: M3 | K8: =H8+C8 -> 0.216
A10: AÇO CA 50 | B10: KG
A11: =A2 -> 12 | B11: 333.18 | C11: =B11/A11 -> 27.765 | D11: KG | K11: =C11 -> 27.765
A12: =A2 -> 12 | B12: =C11*A12 -> 333.18 | D12: KG
A14: AÇO CA 60 | B14: KG
A15: =A2 -> 12 | B15: 73.92 | C15: =B15/A15 -> 6.16 | D15: KG | K15: =C15 -> 6.16
A16: =A2 -> 12 | B16: =C15*A16 -> 73.92 | D16: KG

Sheet CRONOGRAMA
A1: À Câmara Municipal de Bonito/MS
A3: Processo Administrativo nº 016/2026
A4: CONSTRUÇÃO DO PRÉDIO ADMINISTRATIVO DA CÂMARA MUNICIPAL DE BONITO
A6: LOCALIDADE SINAPI CAMPO GRANDE | D6: DATA BASE 08-26 | E6: MUNICÍPIO / UF MUNICÍPIO DE BONITO/MS | L6: 0.2741 | M6: 0.1412
A8: CRONOGRAMA FÍSICO-FINANCEIRO - CÂMARA MUNICIPAL DE BONITO/MS
A10: Item | B10: Descrição da Etapa | C10: Valor Total (R$) | D10: Mês 1 (%) | E10: Mês 1 (R$) | F10: Mês 2 (%) | G10: Mês 2 (R$)
A11: 1.1 | B11: Serviços Preliminares | C11: ='PLANILHA PRINCIPAL'!K15 -> 6409.1052 | D11: 1 | E11: =C11*D11 -> 6409.1052 | F11: 0 | G11: =C11*F11 -> 0
A12: 1.2 | B12: Fundação | C12: ='PLANILHA PRINCIPAL'!K18 -> 210.491 | D12: 1 | E12: =C12*D12 -> 210.491 | F12: 0 | G12: =C12*F12 -> 0
A13: 1.3.1 | B13: Bloco de Coroamento | C13: ='PLANILHA PRINCIPAL'!K21 -> 20375.073 | D13: 1 | E13: =C13*D13 -> 20375.073 | F13: 0 | G13: =C13*F13 -> 0
A14: 1.4 | B14: Formas | C14: ='PLANILHA PRINCIPAL'!K25 -> 15253.979 | D14: 1 | E14: =C14*D14 -> 15253.979 | F14: 0 | G14: =C14*F14 -> 0
A15: 1.5 | B15: Piso Concreto Interno, Ext. e Calçada | C15: ='PLANILHA PRINCIPAL'!K27 -> 76930.416 | D15: 0.8 | E15: =C15*D15 -> 61544.333 | F15: 0.2 | G15: =C15*F15 -> 15386.083
A16: 1.6 | B16: Cobertura Área Comum e Brises | C16: ='PLANILHA PRINCIPAL'!K30 -> 144455.12 | D16: 0.7 | E16: =C16*D16 -> 101118.58 | F16: 0.3 | G16: =C16*F16 -> 43336.536
A17: 1.7.1 | B17: Módulos com 3 Salas | C17: ='PLANILHA PRINCIPAL'!K37 -> 780580.8 | D17: 0.7 | E17: =C17*D17 -> 546406.56 | F17: 0.3 | G17: =C17*F17 -> 234174.24
A18: 1.7.2 | B18: Módulos com 2 Salas | C18: ='PLANILHA PRINCIPAL'!K39 -> 237369.6 | D18: 0.7 | E18: =C18*D18 -> 166158.72 | F18: 0.3 | G18: =C18*F18 -> 71210.88
A19: 1.7.3 | B19: Módulo Reunião | C19: ='PLANILHA PRINCIPAL'!K41 -> 231663.6 | D19: 0.7 | E19: =C19*D19 -> 162164.52 | F19: 0.3 | G19: =C19*F19 -> 69499.08
A20: 1.7.4 | B20: Módulo Banheiros | C20: ='PLANILHA PRINCIPAL'!K43 -> 149497.2 | D20: 0.5 | E20: =C20*D20 -> 74748.6 | F20: 0.5 | G20: =C20*F20 -> 74748.6
A21: 1.8 | B21: Elétrica Geral (Entrada e Comum) | C21: ='PLANILHA PRINCIPAL'!K45 -> 57196.332 | D21: 0.4 | E21: =C21*D21 -> 22878.533 | F21: 0.6 | G21: =C21*F21 -> 34317.799
A22: 1.9 | B22: Hidráulica Geral e Pluviais | C22: ='PLANILHA PRINCIPAL'!K96 -> 32670.774 | D22: 0.5 | E22: =C22*D22 -> 16335.387 | F22: 0.5 | G22: =C22*F22 -> 16335.387
A23: 1.10 | B23: Serviços Complementares | C23: ='PLANILHA PRINCIPAL'!K156 -> 972.36891 | D23: 0 | E23: =C23*D23 -> 0 | F23: 1 | G23: =C23*F23 -> 972.36891
A24: 1.11 | B24: Administração Local | C24: ='PLANILHA PRINCIPAL'!K159 -> 69933.31 | D24: 0.5 | E24: =C24*D24 -> 34966.655 | F24: 0.5 | G24: =C24*F24 -> 34966.655
A25: 1.12 | B25: Fachada em ACM com a Logo | C25: ='PLANILHA PRINCIPAL'!K162 -> 31852.5 | D25: 0 | E25: =C25*D25 -> 0 | F25: 1 | G25: =C25*F25 -> 31852.5
A26: 1.13 | B26: Porta de Entrada Fachada | C26: ='PLANILHA PRINCIPAL'!K164 -> 4503.7926 | D26: 0 | E26: =C26*D26 -> 0 | F26: 1 | G26: =C26*F26 -> 4503.7926
A27: 1.14 | B27: Elemento Vazado Fachada | C27: ='PLANILHA PRINCIPAL'!K166 -> 7256.3506 | D27: 0 | E27: =C27*D27 -> 0 | F27: 1 | G27: =C27*F27 -> 7256.3506
A28: 1.15 | B28: Cobertura Fachada | C28: ='PLANILHA PRINCIPAL'!K168 -> 9445.6558 | D28: 0 | E28: =C28*D28 -> 0 | F28: 1 | G28: =C28*F28 -> 9445.6558
A29: 1.16 | B29: Escada Metálica com Guarda-Corpo | C29: ='PLANILHA PRINCIPAL'!K173 -> 68302.104 | D29: 0.7 | E29: =C29*D29 -> 47811.473 | F29: 0.3 | G29: =C29*F29 -> 20490.631
A30: 1.17 | B30: Pintura Cobertura | C30: ='PLANILHA PRINCIPAL'!K176 -> 19083.439 | D30: 0.5 | E30: =C30*D30 -> 9541.7195 | F30: 0.5 | G30: =C30*F30 -> 9541.7195
A31: 1.18 | B31: Mobiliário | C31: ='PLANILHA PRINCIPAL'!K178 -> 223413.87 | D31: 0 | E31: =C31*D31 -> 0 | F31: 1 | G31: =C31*F31 -> 223413.87
A32: 1.19 | B32: ='PLANILHA PRINCIPAL'!E191 -> BRISES E PILARES DE SUSTENTAÇÃO | C32: ='PLANILHA PRINCIPAL'!K191 -> 83712.705 | D32: 0 | E32: =C32*D32 -> 0 | F32: 1 | G32: =C32*F32 -> 83712.705
B33: TOTAL GERAL | C33: =SUM(C11:C32) -> 2271088.6 | D33: =E33/C33 -> 0.5662147 | E33: =SUM(E11:E32) -> 1285923.7 | F33: =G33/C33 -> 0.4337853 | G33: =SUM(G11:G32) -> 985164.85
C37: ____________________________
C38: GAMEIRO ARQUITETURA

Sheet 1-COMP. CX. ELET
A1: COMPOSIÇÃO DE PREÇO 01 - (material + instalação) | Base SINAPI 08/2026 - MS
A2: .
A3: Regime: | B3: COM | C3: <- SEM ou COM desoneração (afeta mão de obra e argamassa)
A5: Preços de referência - SINAPI 08/2026 MS (relatório de composições)
A6: Código | B6: Descrição | C6: Un. | D6: SEM deson. (R$) | E6: COM deson. (R$) | F6: Regime escolhido (R$)
A7: 88264 | B7: ELETRICISTA COM ENCARGOS COMPLEMENTARES | C7: H | D7: 30 | E7: 28.26 | F7: =IF($B$3="COM",E7,D7) -> 28.26
A8: 88247 | B8: AUXILIAR DE ELETRICISTA COM ENCARGOS COMPLEMENTARES | C8: H | D8: 24.74 | E8: 23.4 | F8: =IF($B$3="COM",E8,D8) -> 23.4
A9: 88629 | B9: ARGAMASSA TRAÇO 1:3 (CIMENTO E AREIA MÉDIA ÚMIDA), PREPARO MANUAL. AF_07/2026 | C9: M3 | D9: 801.37 | E9: 785.48 | F9: =IF($B$3="COM",E9,D9) -> 785.48
A12: ITEM 1
A13: Código | B13: Componente | C13: Un. | D13: Coeficiente | E13: Preço unit. (R$) | F13: Custo (R$) | G13: Fonte do preço
A14: (insumo) | B14: CAIXA DE PASSAGEM EMBUTIR BRANCA 20 X 20 CM MORATORI 203B AGUIA AG-CPE20 ANDALUZ 56901 ND METAL 1017 | C14: UN | D14: 1 | E14: 26.5 | F14: =IF(AND(ISNUMBER(D14),ISNUMBER(E14)),D14*E14,0) -> 26.5 | G14: Cotação em Campo Grande 09/26
A15: 88264 | B15: ELETRICISTA COM ENCARGOS COMPLEMENTARES | C15: H | D15: 0.95 | E15: =$F$7 -> 28.26 | F15: =IF(AND(ISNUMBER(D15),ISNUMBER(E15)),D15*E15,0) -> 26.847 | G15: SINAPI MS 08/2026
A16: 88247 | B16: AUXILIAR DE ELETRICISTA COM ENCARGOS COMPLEMENTARES | C16: H | D16: 0.95 | E16: =$F$8 -> 23.4 | F16: =IF(AND(ISNUMBER(D16),ISNUMBER(E16)),D16*E16,0) -> 22.23 | G16: SINAPI MS 08/2026
A17: 88629 | B17: ARGAMASSA TRAÇO 1:3 (fixação da caixa) | C17: M3 | D17: 0.04 | E17: =$F$9 -> 785.48 | F17: =IF(AND(ISNUMBER(D17),ISNUMBER(E17)),D17*E17,0) -> 31.4192 | G17: SINAPI MS 08/2026
E18: TOTAL (R$) | F18: =SUM(F14:F17) -> 106.9962
A20: ITEM 2
A21: Código | B21: Componente | C21: Un. | D21: Coeficiente | E21: Preço unit. (R$) | F21: Custo (R$) | G21: Fonte do preço
A22: (insumo) | B22: CAIXA DE PASSAGEM EMBUTIR BRANCA 31 X 31 CM MORATORI 204B AGUIA AG-CPE30 ANDALUZ 01795 ND METAL 1019 | C22: UN | D22: 1 | E22: 57.42 | F22: =IF(AND(ISNUMBER(D22),ISNUMBER(E22)),D22*E22,0) -> 57.42 | G22: Cotação em Campo Grande 09/26
A23: 88264 | B23: ELETRICISTA COM ENCARGOS COMPLEMENTARES | C23: H | D23: 0.95 | E23: =$F$7 -> 28.26 | F23: =IF(AND(ISNUMBER(D23),ISNUMBER(E23)),D23*E23,0) -> 26.847 | G23: SINAPI MS 08/2026
A24: 88247 | B24: AUXILIAR DE ELETRICISTA COM ENCARGOS COMPLEMENTARES | C24: H | D24: 0.95 | E24: =$F$8 -> 23.4 | F24: =IF(AND(ISNUMBER(D24),ISNUMBER(E24)),D24*E24,0) -> 22.23 | G24: SINAPI MS 08/2026
A25: 88629 | B25: ARGAMASSA TRAÇO 1:3 (fixação da caixa) | C25: M3 | D25: =0.31*0.31 -> 0.0961 | E25: =$F$9 -> 785.48 | F25: =IF(AND(ISNUMBER(D25),ISNUMBER(E25)),D25*E25,0) -> 75.484628 | G25: SINAPI MS 08/2026
E26: TOTAL (R$) | F26: =SUM(F22:F25) -> 181.98163
A28: ITEM 3
A29: Código | B29: Componente | C29: Un. | D29: Coeficiente | E29: Preço unit. (R$) | F29: Custo (R$) | G29: Fonte do preço
A30: (insumo) | B30: CAIXA DE PASSAGEM EMBUTIR BRANCA 41 X 41 CM MORATORI 205B ANDALUZ62299 ND METAL 1020 | C30: UN | D30: 1 | E30: 72.91 | F30: =IF(AND(ISNUMBER(D30),ISNUMBER(E30)),D30*E30,0) -> 72.91 | G30: Cotação em Campo Grande 09/26
A31: 88264 | B31: ELETRICISTA COM ENCARGOS COMPLEMENTARES | C31: H | D31: 0.95 | E31: =$F$7 -> 28.26 | F31: =IF(AND(ISNUMBER(D31),ISNUMBER(E31)),D31*E31,0) -> 26.847 | G31: SINAPI MS 08/2026
A32: 88247 | B32: AUXILIAR DE ELETRICISTA COM ENCARGOS COMPLEMENTARES | C32: H | D32: 0.95 | E32: =$F$8 -> 23.4 | F32: =IF(AND(ISNUMBER(D32),ISNUMBER(E32)),D32*E32,0) -> 22.23 | G32: SINAPI MS 08/2026
A33: 88629 | B33: ARGAMASSA TRAÇO 1:3 (fixação da caixa) | C33: M3 | D33: =0.41*0.41 -> 0.1681 | E33: =$F$9 -> 785.48 | F33: =IF(AND(ISNUMBER(D33),ISNUMBER(E33)),D33*E33,0) -> 132.03919 | G33: SINAPI MS 08/2026
E34: TOTAL (R$) | F34: =SUM(F30:F33) -> 254.02619
A36: ITEM 4
A37: Código | B37: Componente | C37: Un. | D37: Coeficiente | E37: Preço unit. (R$) | F37: Custo (R$) | G37: Fonte do preço
A38: (insumo) | B38: Quadro distrib. chapa pintada - embutir - Barramento trifásico disj. geral - DIN Cap. 70 disj. unip. - In barr. 225A | C38: UN | D38: 1 | E38: 1310.14 | F38: =IF(ISNUMBER(E38),D38*E38,0) -> 1310.14 | G38: Cotação em Campo Grande 09/26
A39: 88264 | B39: ELETRICISTA COM ENCARGOS COMPLEMENTARES | C39: H | D39: 24 | E39: =IF($B$3="COM",28.26,30) -> 28.26 | F39: =IF(ISNUMBER(D39),D39*E39,0) -> 678.24 | G39: SINAPI MS 08/2026
A40: 88247 | B40: AUXILIAR DE ELETRICISTA COM ENCARGOS COMPLEMENTARES | C40: H | D40: 24 | E40: =IF($B$3="COM",23.4,24.74) -> 23.4 | F40: =IF(ISNUMBER(D40),D40*E40,0) -> 561.6 | G40: SINAPI MS 08/2026
B41: TOTAL (R$) | F41: =SUM(F38:F40) -> 2549.98
A43: ITEM 5
A44: Código | B44: Componente | C44: Un. | D44: Coeficiente | E44: Preço unit. (R$) | F44: Custo (R$) | G44: Fonte do preço
A45: (insumo) | B45: Plafon LED 36W Starbright Sobrepor Teto 40x40 Branco Neutro - COR Preto | C45: UN | D45: 1 | E45: 60.85 | F45: =IF(ISNUMBER(E45),D45*E45,0) -> 60.85 | G45: Cotação em Campo Grande 09/26
A46: 88264 | B46: ELETRICISTA COM ENCARGOS COMPLEMENTARES | C46: H | D46: 0.82 | E46: =IF($B$3="COM",28.26,30) -> 28.26 | F46: =IF(ISNUMBER(D46),D46*E46,0) -> 23.1732 | G46: SINAPI MS 08/2026
A47: 88247 | B47: AUXILIAR DE ELETRICISTA COM ENCARGOS COMPLEMENTARES | C47: H | D47: 0.82 | E47: =IF($B$3="COM",23.4,24.74) -> 23.4 | F47: =IF(ISNUMBER(D47),D47*E47,0) -> 19.188 | G47: SINAPI MS 08/2026
B48: TOTAL (R$) | F48: =SUM(F45:F47) -> 103.2112
